Workbook

Sheet AVENIDAS
A1: PREFEITURA MUNICIPAL DE PARANAÍBA-MS | L1: Aristides klafke
A2: SECRETARIA MUNICIPAL DE OBRAS, HABITAÇÃO E URBANISMO | L2: Trecho 1 | M2: =12+195 -> 207 | N2: =32+12 -> 44
L3: Trecho 2 | M3: =220+12 -> 232 | N3: =12+30 -> 42
A4: . | L4: Trecho 3 | M4: =237+43+12 -> 292 | N4: =30+12+17+17 -> 76
M5: =SUM(M2:M4) -> 731 | N5: =SUM(N2:N4) -> 162
A8: Objeto: | B8: MODERNIZAÇÃO DO SISTEMA DE ILUMINAÇÃO DE DIVERSAS AVENIDAS
A9: Município: | B9: PARANAÍBA/MS
A10: Local: | B10: ÁREA URBANA
A11: BDI: | B11: Acórdão 2622/2013 - NÃO DESONERADO | C11: 0.2723
A12: Prazo exec.: | B12: 03 meses
A13: Sist./Ref.: | B13: SEM DESONERAÇÃO SINAPI (04/2026)
C15: PLANILHA ORÇAMENTÁRIA
F16: CUSTO UNITÁRIO LICITADO | H16: CUSTO
A17: Ítem | B17: SINAPI/ COMP. | C17: Especificações | D17: Und | E17: Quant | F17: Custo Unit. | G17: Custo Unit. Com BDI | H17: Total Licitado (R$)
A18: 1 | C18: MODERNIZAÇÃO ILUMINAÇÃO CANTEIRO CENTRAL AVENIDA ARISTIDES KLAFKE | K18: VALA | L18: CAVA POSTE | M18: CAVA CX PASSAGEM
A19: 1.1 | C19: SERVIÇOS EM TERRA | K19: 731 | L19: 37 | M19: 42
A20: 1.1.1 | B20: 93358 | C20: =VLOOKUP(B20,CSD!B11:F10388,2,0) -> ESCAVAÇÃO MANUAL DE VALA. AF_09/2024 | D20: =VLOOKUP(B20,CSD!B11:F10388,3,0) -> M3 | E20: 118.23 | F20: =VLOOKUP(B20,CSD!B11:F10388,4,0) -> 90.03 | G20: =TRUNC(F20*1.2723,2) -> 114.54 | H20: =TRUNC(E20*G20,2) -> 13542.06 | K20: =K19*0.3*0.5 -> 109.65 | L20: =L19*0.3*0.3*1 -> 3.33 | M20: =M19*0.5*0.5*0.5 -> 5.25 | N20: =SUM(K20:M20) -> 118.23
A21: 1.1.2 | B21: 93382 | C21: =VLOOKUP(B21,CSD!B12:F10389,2,0) -> REATERRO MANUAL DE VALAS, COM COMPACTADOR DE SOLOS DE PERCUSSÃO. AF_08/2023 | D21: =VLOOKUP(B21,CSD!B12:F10389,3,0) -> M3 | E21: 118.23 | F21: =VLOOKUP(B21,CSD!B12:F10389,4,0) -> 27.4 | G21: =TRUNC(F21*1.2723,2) -> 34.86 | H21: =TRUNC(E21*G21,2) -> 4121.49
C22: SUB TOTAL | H22: =SUM(H20:H21) -> 17663.55
A24: 1.2 | C24: SERVIÇOS EM CONCRETO
A25: 1.2.1 | B25: 94975 | C25: =VLOOKUP(B25,CSD!B16:F10393,2,0) -> CONCRETO FCK = 15MPA, TRAÇO 1:3,4:3,5 (EM MASSA SECA DE CIMENTO/ AREIA MÉDIA/ BRITA 1) - PREPARO MANUAL. AF_05/2021 | D25: =VLOOKUP(B25,CSD!B16:F10393,3,0) -> M3 | E25: 1.46 | F25: =VLOOKUP(B25,CSD!B16:F10393,4,0) -> 516.25 | G25: =TRUNC(F25*1.2723,2) -> 656.82 | H25: =TRUNC(E25*G25,2) -> 958.95 | K25: =N5*0.3*0.03 -> 1.458
C26: SUB TOTAL | H26: =SUM(H25) -> 958.95
A28: 1.3 | C28: ELÉTRICA-ESTRUTURAS E CONDUTORES
A29: 1.3.1 | B29: 91857 | C29: =VLOOKUP(B29,CSD!B20:F10397,2,0) -> ELETRODUTO FLEXÍVEL CORRUGADO REFORÇADO, PVC, DN 32 MM (1"), PARA CIRCUITOS TERMINAIS, INSTALADO EM PAREDE - FORNECIMENTO E INSTALAÇÃO. AF_03/2023 | D29: =VLOOKUP(B29,CSD!B20:F10397,3,0) -> M | E29: 37 | F29: =VLOOKUP(B29,CSD!B20:F10397,4,0) -> 16.58 | G29: =TRUNC(F29*1.2723,2) -> 21.09 | H29: =TRUNC(E29*G29,2) -> 780.33
A30: 1.3.2 | B30: 97667 | C30: =VLOOKUP(B30,CSD!B21:F10398,2,0) -> ELETRODUTO FLEXÍVEL CORRUGADO, PEAD, DN 50 (1 1/2"), PARA REDE ENTERRADA DE DISTRIBUIÇÃO DE ENERGIA ELÉTRICA - FORNECIMENTO E INSTALAÇÃO. AF_12/2021 | D30: =VLOOKUP(B30,CSD!B21:F10398,3,0) -> M | E30: =M5-N5 -> 569 | F30: =VLOOKUP(B30,CSD!B21:F10398,4,0) -> 8.93 | G30: =TRUNC(F30*1.2723,2) -> 11.36 | H30: =TRUNC(E30*G30,2) -> 6463.84
A31: 1.3.3 | B31: 43430 | C31: =VLOOKUP(B31,ISD!B11:F4865,2,0) -> CAIXA DE CONCRETO ARMADO PRE-MOLDADO, SEM FUNDO, QUADRADA, DIMENSOES DE 0,40 X 0,40 X 0,40 M | D31: =VLOOKUP(B31,ISD!B11:F4865,3,0) -> UN | E31: 42 | F31: =VLOOKUP(B31,ISD!B11:F4865,5,0) -> 159.66 | G31: =TRUNC(F31*1.2723,2) -> 203.13 | H31: =TRUNC(E31*G31,2) -> 8531.46
A32: 1.3.4 | B32: 03836/ORSE Abril/2026-1 | C32: ELETRODUTO EM FERRO GALVANIZADO PESADO SEM COSTURA 1 1/2" X 3M | D32: UN | E32: =162/3 -> 54 | F32: 159 | G32: =TRUNC(F32*1.2723,2) -> 202.29 | H32: =TRUNC(E32*G32,2) -> 10923.66
A33: 1.3.5 | B33: 91867 | C33: =VLOOKUP(B33,CSD!B24:F10401,2,0) -> ELETRODUTO RÍGIDO ROSCÁVEL, PVC, DN 25 MM (3/4"), PARA CIRCUITOS TERMINAIS, INSTALADO EM LAJE - FORNECIMENTO E INSTALAÇÃO. AF_03/2023 | D33: =VLOOKUP(B33,CSD!B24:F10401,3,0) -> M | E33: =4*3 -> 12 | F33: =VLOOKUP(B33,CSD!B24:F10401,4,0) -> 10.63 | G33: =TRUNC(F33*1.2723,2) -> 13.52 | H33: =TRUNC(E33*G33,2) -> 162.24
A34: 1.3.6 | B34: 91914 | C34: =VLOOKUP(B34,CSD!B25:F10402,2,0) -> CURVA 90 GRAUS PARA ELETRODUTO, PVC, ROSCÁVEL, DN 25 MM (3/4"), PARA CIRCUITOS TERMINAIS, INSTALADA EM PAREDE - FORNECIMENTO E INSTALAÇÃO. AF_03/2023 | D34: =VLOOKUP(B34,CSD!B25:F10402,3,0) -> UN | E34: 3 | F34: =VLOOKUP(B34,CSD!B25:F10402,4,0) -> 18.2 | G34: =TRUNC(F34*1.2723,2) -> 23.15 | H34: =TRUNC(E34*G34,2) -> 69.45
A35: 1.3.7 | B35: 91884 | C35: =VLOOKUP(B35,CSD!B26:F10403,2,0) -> LUVA PARA ELETRODUTO, PVC, ROSCÁVEL, DN 25 MM (3/4"), PARA CIRCUITOS TERMINAIS, INSTALADA EM PAREDE - FORNECIMENTO E INSTALAÇÃO. AF_03/2023 | D35: =VLOOKUP(B35,CSD!B26:F10403,3,0) -> UN | E35: 3 | F35: =VLOOKUP(B35,CSD!B26:F10403,4,0) -> 11.69 | G35: =TRUNC(F35*1.2723,2) -> 14.87 | H35: =TRUNC(E35*G35,2) -> 44.61
A36: 1.3.8 | B36: 93671 | C36: =VLOOKUP(B36,CSD!B27:F10404,2,0) -> DISJUNTOR TRIPOLAR TIPO DIN, CORRENTE NOMINAL DE 32A - FORNECIMENTO E INSTALAÇÃO. AF_07/2025 | D36: =VLOOKUP(B36,CSD!B27:F10404,3,0) -> UN | E36: 3 | F36: =VLOOKUP(B36,CSD!B27:F10404,4,0) -> 84.26 | G36: =TRUNC(F36*1.2723,2) -> 107.2 | H36: =TRUNC(E36*G36,2) -> 321.6
A37: 1.3.9 | B37: 93653 | C37: =VLOOKUP(B37,CSD!B28:F10405,2,0) -> DISJUNTOR MONOPOLAR TIPO DIN, CORRENTE NOMINAL DE 10A - FORNECIMENTO E INSTALAÇÃO. AF_07/2025 | D37: =VLOOKUP(B37,CSD!B28:F10405,3,0) -> UN | E37: 1 | F37: =VLOOKUP(B37,CSD!B28:F10405,4,0) -> 12.25 | G37: =TRUNC(F37*1.2723,2) -> 15.58 | H37: =TRUNC(E37*G37,2) -> 15.58
A38: 1.3.10 | B38: 13861/ORSE Abril/2026-1 | C38: CAIXA DE FERRO PARA QUADRO, DIM. 50 X 40CM, EM AÇO CARBONO #16, PINTURA ELETROSTÁTICA A PÓ, CINZA RAL, PLACA DE MONTAGEM #14 LARANJA - FECHO PADRÃO COM ACIONAMENTO FENDA, BORRACHA DE VEDAÇÃO. | D38: UN | E38: 3 | F38: 304.5 | G38: =TRUNC(F38*1.2723,2) -> 387.41 | H38: =TRUNC(E38*G38,2) -> 1162.23
A39: 1.3.11 | B39: 96985 | C39: =VLOOKUP(B39,CSD!B30:F10407,2,0) -> HASTE DE ATERRAMENTO, DIÂMETRO 5/8", COM 3 METROS - FORNECIMENTO E INSTALAÇÃO. AF_08/2023 | D39: =VLOOKUP(B39,CSD!B30:F10407,3,0) -> UN | E39: 37 | F39: =VLOOKUP(B39,CSD!B30:F10407,4,0) -> 67.61 | G39: =TRUNC(F39*1.2723,2) -> 86.02 | H39: =TRUNC(E39*G39,2) -> 3182.74
A40: 1.3.12 | B40: 101902 | C40: =VLOOKUP(B40,CSD!B31:F10408,2,0) -> CONTATOR TRIPOLAR I NOMINAL 22A - FORNECIMENTO E INSTALAÇÃO. AF_07/2025 | D40: =VLOOKUP(B40,CSD!B31:F10408,3,0) -> UN | E40: 3 | F40: =VLOOKUP(B40,CSD!B31:F10408,4,0) -> 256.09 | G40: =TRUNC(F40*1.2723,2) -> 325.82 | H40: =TRUNC(E40*G40,2) -> 977.46
A41: 1.3.13 | B41: 101632 | C41: =VLOOKUP(B41,CSD!B32:F10409,2,0) -> RELÉ FOTOELÉTRICO PARA COMANDO DE ILUMINAÇÃO EXTERNA 1000 W - FORNECIMENTO E INSTALAÇÃO. AF_02/2025 | D41: =VLOOKUP(B41,CSD!B32:F10409,3,0) -> UN | E41: 3 | F41: =VLOOKUP(B41,CSD!B32:F10409,4,0) -> 28.15 | G41: =TRUNC(F41*1.2723,2) -> 35.81 | H41: =TRUNC(E41*G41,2) -> 107.43
A42: 1.3.14 | B42: 91926 | C42: =VLOOKUP(B42,CSD!B33:F10410,2,0) -> CABO DE COBRE FLEXÍVEL ISOLADO, 2,5 MM², ANTI-CHAMA 450/750 V, PARA CIRCUITOS TERMINAIS - FORNECIMENTO E INSTALAÇÃO. AF_03/2023 | D42: =VLOOKUP(B42,CSD!B33:F10410,3,0) -> M | E42: =10*3*E29 -> 1110 | F42: =VLOOKUP(B42,CSD!B33:F10410,4,0) -> 5.25 | G42: =TRUNC(F42*1.2723,2) -> 6.67 | H42: =TRUNC(E42*G42,2) -> 7403.7
A43: 1.3.15 | B43: 91928 | C43: =VLOOKUP(B43,CSD!B34:F10411,2,0) -> CABO DE COBRE FLEXÍVEL ISOLADO, 4 MM², ANTI-CHAMA 450/750 V, PARA CIRCUITOS TERMINAIS - FORNECIMENTO E INSTALAÇÃO. AF_03/2023 | D43: =VLOOKUP(B43,CSD!B34:F10411,3,0) -> M | E43: =M5*3 -> 2193 | F43: =VLOOKUP(B43,CSD!B34:F10411,4,0) -> 8.17 | G43: =TRUNC(F43*1.2723,2) -> 10.39 | H43: =TRUNC(E43*G43,2) -> 22785.27
C44: SUB TOTAL | H44: =SUM(H29:H43) -> 62931.6
A46: 1.4 | C46: POSTES E LUMINÁRIAS
A47: 1.4.1 | B47: COMPOSIÇÃO REPRESENTATIVA 01 | C47: =Composição!A2 -> POSTE DE AÇO GALVANIZADO A QUENTE TIPO TELECONICO RETO COMPOSTO DE DOIS BRAÇOS ORNAMENTAIS TIPO ASA DE BORBOLETA Ø60,3MM COM PROJEÇÃO DE 2,50M, ENGASTAMENTO DIRETO AO SOLO, SEM JANELA DE INSPECAO H=10M - TOPO=Ø76,2MM E BASE=Ø127mm | D47: UN | E47: 37 | F47: =Composição!H15 -> 2854.09 | G47: =TRUNC(F47*1.2723,2) -> 3631.25 | H47: =TRUNC(E47*G47,2) -> 134356.25
A48: 1.4.2 | B48: 101658 | C48: =VLOOKUP(B48,CSD!B39:F10416,2,0) -> LUMINÁRIA DE LED PARA ILUMINAÇÃO PÚBLICA, DE 138 W ATÉ 180 W - FORNECIMENTO E INSTALAÇÃO. AF_02/2025_PS | D48: =VLOOKUP(B48,CSD!B39:F10416,3,0) -> UN | E48: =E47*2 -> 74 | F48: =VLOOKUP(B48,CSD!B39:F10416,4,0) -> 497.51 | G48: =TRUNC(F48*1.2723,2) -> 632.98 | H48: =TRUNC(E48*G48,2) -> 46840.52
C49: SUB TOTAL | H49: =SUM(H47:H48) -> 181196.77
A51: 1.5 | C51: DIVERSOS
A52: 1.5.1 | B52: 11856 | C52: =VLOOKUP(B52,ISD!B32:F4886,2,0) -> CONECTOR METALICO TIPO PARAFUSO FENDIDO (SPLIT BOLT), PARA CABOS ATE 10 MM2 | D52: =VLOOKUP(B52,ISD!B32:F4886,3,0) -> UN | E52: 37 | F52: =VLOOKUP(B52,ISD!B32:F4886,5,0) -> 6.9 | G52: =TRUNC(F52*1.2723,2) -> 8.77 | H52: =TRUNC(E52*G52,2) -> 324.49
A53: 1.5.3 | B53: 20111 | C53: =VLOOKUP(B53,ISD!B33:F4887,2,0) -> FITA ISOLANTE ADESIVA ANTICHAMA, USO ATE 750 V, EM ROLO DE 19 MM X 20 M | D53: =VLOOKUP(B53,ISD!B33:F4887,3,0) -> UN | E53: 8 | F53: =VLOOKUP(B53,ISD!B33:F4887,5,0) -> 22.09 | G53: =TRUNC(F53*1.2723,2) -> 28.1 | H53: =TRUNC(E53*G53,2) -> 224.8
C54: SUB TOTAL | H54: =SUM(H52:H53) -> 549.29
C56: SUB TOTAL AVENIDA ARISTIDES KLAFKE | H56: =SUM(H22,H26,H44,H49,H54) -> 263300.16
F58: CUSTO UNITÁRIO LICITADO | H58: CUSTO
A59: Ítem | B59: SINAPI/ COMP. | C59: Especificações | D59: Und | E59: Quant | F59: Custo Unit. | G59: Custo Unit. Com BDI | H59: Total Licitado (R$)
A60: 2 | C60: MODERNIZAÇÃO ILUMINAÇÃO CANTEIRO CENTRAL AVENIDA VICENTE PERALTA | K60: VALA | L60: CAVA POSTE | M60: CAVA CX PASSAGEM
A61: 2.1 | C61: SERVIÇOS EM TERRA | K61: 580 | L61: 34 | M61: 37
A62: 2.1.1 | B62: 93358 | C62: =VLOOKUP(B62,CSD!B58:F10435,2,0) -> ESCAVAÇÃO MANUAL DE VALA. AF_09/2024 | D62: =VLOOKUP(B62,CSD!B58:F10435,3,0) -> M3 | E62: 94.69 | F62: =VLOOKUP(B62,CSD!B58:F10435,4,0) -> 90.03 | G62: =TRUNC(F62*1.2723,2) -> 114.54 | H62: =TRUNC(E62*G62,2) -> 10845.79 | K62: =K61*0.3*0.5 -> 87 | L62: =L61*0.3*0.3*1 -> 3.06 | M62: =M61*0.5*0.5*0.5 -> 4.625 | N62: =SUM(K62:M62) -> 94.685
A63: 2.1.2 | B63: 93382 | C63: =VLOOKUP(B63,CSD!B59:F10436,2,0) -> REATERRO MANUAL DE VALAS, COM COMPACTADOR DE SOLOS DE PERCUSSÃO. AF_08/2023 | D63: =VLOOKUP(B63,CSD!B59:F10436,3,0) -> M3 | E63: 94.69 | F63: =VLOOKUP(B63,CSD!B59:F10436,4,0) -> 27.4 | G63: =TRUNC(F63*1.2723,2) -> 34.86 | H63: =TRUNC(E63*G63,2) -> 3300.89
C64: SUB TOTAL | H64: =SUM(H62:H63) -> 14146.68
A66: 2.2 | C66: SERVIÇOS EM CONCRETO
A67: 2.2.1 | B67: 94975 | C67: =VLOOKUP(B67,CSD!B63:F10440,2,0) -> CONCRETO FCK = 15MPA, TRAÇO 1:3,4:3,5 (EM MASSA SECA DE CIMENTO/ AREIA MÉDIA/ BRITA 1) - PREPARO MANUAL. AF_05/2021 | D67: =VLOOKUP(B67,CSD!B63:F10440,3,0) -> M3 | E67: 1.57 | F67: =VLOOKUP(B67,CSD!B63:F10440,4,0) -> 516.25 | G67: =TRUNC(F67*1.2723,2) -> 656.82 | H67: =TRUNC(E67*G67,2) -> 1031.2 | K67: =M74*0.3*0.03 -> 1.566
C68: SUB TOTAL | H68: =SUM(H67) -> 1031.2
A70: 2.3 | C70: ELÉTRICA-ESTRUTURAS E CONDUTORES | K70: VICENTE PERALTA
A71: 2.3.1 | B71: 91857 | C71: =VLOOKUP(B71,CSD!B67:F10444,2,0) -> ELETRODUTO FLEXÍVEL CORRUGADO REFORÇADO, PVC, DN 32 MM (1"), PARA CIRCUITOS TERMINAIS, INSTALADO EM PAREDE - FORNECIMENTO E INSTALAÇÃO. AF_03/2023 | D71: =VLOOKUP(B71,CSD!B67:F10444,3,0) -> M | E71: 34 | F71: =VLOOKUP(B71,CSD!B67:F10444,4,0) -> 16.58 | G71: =TRUNC(F71*1.2723,2) -> 21.09 | H71: =TRUNC(E71*G71,2) -> 717.06 | K71: Trecho 1 | L71: =12+203 -> 215 | M71: =23+27+12 -> 62
A72: 2.3.2 | B72: 97667 | C72: =VLOOKUP(B72,CSD!B68:F10445,2,0) -> ELETRODUTO FLEXÍVEL CORRUGADO, PEAD, DN 50 (1 1/2"), PARA REDE ENTERRADA DE DISTRIBUIÇÃO DE ENERGIA ELÉTRICA - FORNECIMENTO E INSTALAÇÃO. AF_12/2021 | D72: =VLOOKUP(B72,CSD!B68:F10445,3,0) -> M | E72: =L74-M74 -> 406 | F72: =VLOOKUP(B72,CSD!B68:F10445,4,0) -> 8.93 | G72: =TRUNC(F72*1.2723,2) -> 11.36 | H72: =TRUNC(E72*G72,2) -> 4612.16 | K72: Trecho 2 | L72: =206+12 -> 218 | M72: =24+22+12 -> 58
A73: 2.3.3 | B73: 43430 | C73: =VLOOKUP(B73,ISD!B58:F4912,2,0) -> CAIXA DE CONCRETO ARMADO PRE-MOLDADO, SEM FUNDO, QUADRADA, DIMENSOES DE 0,40 X 0,40 X 0,40 M | D73: =VLOOKUP(B73,ISD!B58:F4912,3,0) -> UN | E73: =M61 -> 37 | F73: =VLOOKUP(B73,ISD!B58:F4912,5,0) -> 159.66 | G73: =TRUNC(F73*1.2723,2) -> 203.13 | H73: =TRUNC(E73*G73,2) -> 7515.81 | K73: Trecho 3 | L73: =135+12 -> 147 | M73: =21+21+12 -> 54
A74: 2.3.4 | B74: 03836/ORSE Abril/2026-1 | C74: ELETRODUTO EM FERRO GALVANIZADO PESADO SEM COSTURA 1 1/2" X 3M | D74: UN | E74: =M74/3 -> 58 | F74: 159 | G74: =TRUNC(F74*1.2723,2) -> 202.29 | H74: =TRUNC(E74*G74,2) -> 11732.82 | L74: =SUM(L71:L73) -> 580 | M74: =SUM(M71:M73) -> 174
A75: 2.3.5 | B75: 91867 | C75: =VLOOKUP(B75,CSD!B71:F10448,2,0) -> ELETRODUTO RÍGIDO ROSCÁVEL, PVC, DN 25 MM (3/4"), PARA CIRCUITOS TERMINAIS, INSTALADO EM LAJE - FORNECIMENTO E INSTALAÇÃO. AF_03/2023 | D75: =VLOOKUP(B75,CSD!B71:F10448,3,0) -> M | E75: =4*3 -> 12 | F75: =VLOOKUP(B75,CSD!B71:F10448,4,0) -> 10.63 | G75: =TRUNC(F75*1.2723,2) -> 13.52 | H75: =TRUNC(E75*G75,2) -> 162.24
A76: 2.3.6 | B76: 91914 | C76: =VLOOKUP(B76,CSD!B72:F10449,2,0) -> CURVA 90 GRAUS PARA ELETRODUTO, PVC, ROSCÁVEL, DN 25 MM (3/4"), PARA CIRCUITOS TERMINAIS, INSTALADA EM PAREDE - FORNECIMENTO E INSTALAÇÃO. AF_03/2023 | D76: =VLOOKUP(B76,CSD!B72:F10449,3,0) -> UN | E76: 3 | F76: =VLOOKUP(B76,CSD!B72:F10449,4,0) -> 18.2 | G76: =TRUNC(F76*1.2723,2) -> 23.15 | H76: =TRUNC(E76*G76,2) -> 69.45
A77: 2.3.7 | B77: 91884 | C77: =VLOOKUP(B77,CSD!B73:F10450,2,0) -> LUVA PARA ELETRODUTO, PVC, ROSCÁVEL, DN 25 MM (3/4"), PARA CIRCUITOS TERMINAIS, INSTALADA EM PAREDE - FORNECIMENTO E INSTALAÇÃO. AF_03/2023 | D77: =VLOOKUP(B77,CSD!B73:F10450,3,0) -> UN | E77: 3 | F77: =VLOOKUP(B77,CSD!B73:F10450,4,0) -> 11.69 | G77: =TRUNC(F77*1.2723,2) -> 14.87 | H77: =TRUNC(E77*G77,2) -> 44.61
A78: 2.3.8 | B78: 93671 | C78: =VLOOKUP(B78,CSD!B74:F10451,2,0) -> DISJUNTOR TRIPOLAR TIPO DIN, CORRENTE NOMINAL DE 32A - FORNECIMENTO E INSTALAÇÃO. AF_07/2025 | D78: =VLOOKUP(B78,CSD!B74:F10451,3,0) -> UN | E78: 3 | F78: =VLOOKUP(B78,CSD!B74:F10451,4,0) -> 84.26 | G78: =TRUNC(F78*1.2723,2) -> 107.2 | H78: =TRUNC(E78*G78,2) -> 321.6
A79: 2.3.9 | B79: 93653 | C79: =VLOOKUP(B79,CSD!B75:F10452,2,0) -> DISJUNTOR MONOPOLAR TIPO DIN, CORRENTE NOMINAL DE 10A - FORNECIMENTO E INSTALAÇÃO. AF_07/2025 | D79: =VLOOKUP(B79,CSD!B75:F10452,3,0) -> UN | E79: 1 | F79: =VLOOKUP(B79,CSD!B75:F10452,4,0) -> 12.25 | G79: =TRUNC(F79*1.2723,2) -> 15.58 | H79: =TRUNC(E79*G79,2) -> 15.58
A80: 2.3.10 | B80: 13861/ORSE Abril/2026-1 | C80: CAIXA DE FERRO PARA QUADRO, DIM. 50 X 40CM, EM AÇO CARBONO #16, PINTURA ELETROSTÁTICA A PÓ, CINZA RAL, PLACA DE MONTAGEM #14 LARANJA - FECHO PADRÃO COM ACIONAMENTO FENDA, BORRACHA DE VEDAÇÃO. | D80: UN | E80: 3 | F80: 304.5 | G80: =TRUNC(F80*1.2723,2) -> 387.41 | H80: =TRUNC(E80*G80,2) -> 1162.23
A81: 2.3.11 | B81: 96985 | C81: =VLOOKUP(B81,CSD!B77:F10454,2,0) -> HASTE DE ATERRAMENTO, DIÂMETRO 5/8", COM 3 METROS - FORNECIMENTO E INSTALAÇÃO. AF_08/2023 | D81: =VLOOKUP(B81,CSD!B77:F10454,3,0) -> UN | E81: 34 | F81: =VLOOKUP(B81,CSD!B77:F10454,4,0) -> 67.61 | G81: =TRUNC(F81*1.2723,2) -> 86.02 | H81: =TRUNC(E81*G81,2) -> 2924.68
A82: 2.3.12 | B82: 101902 | C82: =VLOOKUP(B82,CSD!B78:F10455,2,0) -> CONTATOR TRIPOLAR I NOMINAL 22A - FORNECIMENTO E INSTALAÇÃO. AF_07/2025 | D82: =VLOOKUP(B82,CSD!B78:F10455,3,0) -> UN | E82: 3 | F82: =VLOOKUP(B82,CSD!B78:F10455,4,0) -> 256.09 | G82: =TRUNC(F82*1.2723,2) -> 325.82 | H82: =TRUNC(E82*G82,2) -> 977.46
A83: 2.3.13 | B83: 101632 | C83: =VLOOKUP(B83,CSD!B79:F10456,2,0) -> RELÉ FOTOELÉTRICO PARA COMANDO DE ILUMINAÇÃO EXTERNA 1000 W - FORNECIMENTO E INSTALAÇÃO. AF_02/2025 | D83: =VLOOKUP(B83,CSD!B79:F10456,3,0) -> UN | E83: 3 | F83: =VLOOKUP(B83,CSD!B79:F10456,4,0) -> 28.15 | G83: =TRUNC(F83*1.2723,2) -> 35.81 | H83: =TRUNC(E83*G83,2) -> 107.43
A84: 2.3.14 | B84: 91926 | C84: =VLOOKUP(B84,CSD!B80:F10457,2,0) -> CABO DE COBRE FLEXÍVEL ISOLADO, 2,5 MM², ANTI-CHAMA 450/750 V, PARA CIRCUITOS TERMINAIS - FORNECIMENTO E INSTALAÇÃO. AF_03/2023 | D84: =VLOOKUP(B84,CSD!B80:F10457,3,0) -> M | E84: =10*3*E71 -> 1020 | F84: =VLOOKUP(B84,CSD!B80:F10457,4,0) -> 5.25 | G84: =TRUNC(F84*1.2723,2) -> 6.67 | H84: =TRUNC(E84*G84,2) -> 6803.4
A85: 2.3.15 | B85: 91928 | C85: =VLOOKUP(B85,CSD!B81:F10458,2,0) -> CABO DE COBRE FLEXÍVEL ISOLADO, 4 MM², ANTI-CHAMA 450/750 V, PARA CIRCUITOS TERMINAIS - FORNECIMENTO E INSTALAÇÃO. AF_03/2023 | D85: =VLOOKUP(B85,CSD!B81:F10458,3,0) -> M | E85: =L74*3 -> 1740 | F85: =VLOOKUP(B85,CSD!B81:F10458,4,0) -> 8.17 | G85: =TRUNC(F85*1.2723,2) -> 10.39 | H85: =TRUNC(E85*G85,2) -> 18078.6
C86: SUB TOTAL | H86: =SUM(H71:H85) -> 55245.13
A88: 2.4 | C88: POSTES E LUMINÁRIAS
A89: 2.4.1 | B89: COMPOSIÇÃO REPRESENTATIVA 01 | C89: =Composição!A2 -> POSTE DE AÇO GALVANIZADO A QUENTE TIPO TELECONICO RETO COMPOSTO DE DOIS BRAÇOS ORNAMENTAIS TIPO ASA DE BORBOLETA Ø60,3MM COM PROJEÇÃO DE 2,50M, ENGASTAMENTO DIRETO AO SOLO, SEM JANELA DE INSPECAO H=10M - TOPO=Ø76,2MM E BASE=Ø127mm | D89: UN | E89: 37 | F89: =Composição!H15 -> 2854.09 | G89: =TRUNC(F89*1.2723,2) -> 3631.25 | H89: =TRUNC(E89*G89,2) -> 134356.25
A90: 2.4.2 | B90: 101658 | C90: =VLOOKUP(B90,CSD!B86:F10463,2,0) -> LUMINÁRIA DE LED PARA ILUMINAÇÃO PÚBLICA, DE 138 W ATÉ 180 W - FORNECIMENTO E INSTALAÇÃO. AF_02/2025_PS | D90: =VLOOKUP(B90,CSD!B86:F10463,3,0) -> UN | E90: =E89*2 -> 74 | F90: =VLOOKUP(B90,CSD!B86:F10463,4,0) -> 497.51 | G90: =TRUNC(F90*1.2723,2) -> 632.98 | H90: =TRUNC(E90*G90,2) -> 46840.52
C91: SUB TOTAL | H91: =SUM(H89:H90) -> 181196.77
A93: 2.5 | C93: DIVERSOS
A94: 2.5.1 | B94: 11856 | C94: =VLOOKUP(B94,ISD!B79:F4933,2,0) -> CONECTOR METALICO TIPO PARAFUSO FENDIDO (SPLIT BOLT), PARA CABOS ATE 10 MM2 | D94: =VLOOKUP(B94,ISD!B79:F4933,3,0) -> UN | E94: 34 | F94: =VLOOKUP(B94,ISD!B79:F4933,5,0) -> 6.9 | G94: =TRUNC(F94*1.2723,2) -> 8.77 | H94: =TRUNC(E94*G94,2) -> 298.18
A95: 2.5.2 | B95: 20111 | C95: =VLOOKUP(B95,ISD!B80:F4934,2,0) -> FITA ISOLANTE ADESIVA ANTICHAMA, USO ATE 750 V, EM ROLO DE 19 MM X 20 M | D95: =VLOOKUP(B95,ISD!B80:F4934,3,0) -> UN | E95: 8 | F95: =VLOOKUP(B95,ISD!B80:F4934,5,0) -> 22.09 | G95: =TRUNC(F95*1.2723,2) -> 28.1 | H95: =TRUNC(E95*G95,2) -> 224.8
C96: SUB TOTAL | H96: =SUM(H94:H95) -> 522.98
C98: SUB TOTAL AVENIDA VICENTE PERALTA | H98: =SUM(H64,H68,H86,H91,H96) -> 252142.76
F100: CUSTO UNITÁRIO LICITADO | H100: CUSTO
A101: Ítem | B101: SINAPI/ COMP. | C101: Especificações | D101: Und | E101: Quant | F101: Custo Unit. | G101: Custo Unit. Com BDI | H101: Total Licitado (R$)
A102: 3 | C102: MODERNIZAÇÃO ILUMINAÇÃO CANTEIRO CENTRAL AVENIDA FILINTO MULLER | K102: VALA | L102: CAVA POSTE | M102: CAVA CX PASSAGEM
A103: 3.1 | C103: SERVIÇOS EM TERRA | K103: =L117 -> 612 | L103: 33 | M103: 37
A104: 3.1.1 | B104: 93358 | C104: =VLOOKUP(B104,CSD!B105:F10482,2,0) -> ESCAVAÇÃO MANUAL DE VALA. AF_09/2024 | D104: =VLOOKUP(B104,CSD!B105:F10482,3,0) -> M3 | E104: =N104 -> 99.395 | F104: =VLOOKUP(B104,CSD!B105:F10482,4,0) -> 90.03 | G104: =TRUNC(F104*1.2723,2) -> 114.54 | H104: =TRUNC(E104*G104,2) -> 11384.7 | K104: =K103*0.3*0.5 -> 91.8 | L104: =L103*0.3*0.3*1 -> 2.97 | M104: =M103*0.5*0.5*0.5 -> 4.625 | N104: =SUM(K104:M104) -> 99.395
A105: 3.1.2 | B105: 93382 | C105: =VLOOKUP(B105,CSD!B106:F10483,2,0) -> REATERRO MANUAL DE VALAS, COM COMPACTADOR DE SOLOS DE PERCUSSÃO. AF_08/2023 | D105: =VLOOKUP(B105,CSD!B106:F10483,3,0) -> M3 | E105: =N104 -> 99.395 | F105: =VLOOKUP(B105,CSD!B106:F10483,4,0) -> 27.4 | G105: =TRUNC(F105*1.2723,2) -> 34.86 | H105: =TRUNC(E105*G105,2) -> 3464.9
C106: SUB TOTAL | H106: =SUM(H104:H105) -> 14849.6
A108: 3.2 | C108: SERVIÇOS EM CONCRETO
A109: 3.2.1 | B109: 94975 | C109: =VLOOKUP(B109,CSD!B110:F10487,2,0) -> CONCRETO FCK = 15MPA, TRAÇO 1:3,4:3,5 (EM MASSA SECA DE CIMENTO/ AREIA MÉDIA/ BRITA 1) - PREPARO MANUAL. AF_05/2021 | D109: =VLOOKUP(B109,CSD!B110:F10487,3,0) -> M3 | E109: =K109 -> 1.206 | F109: =VLOOKUP(B109,CSD!B110:F10487,4,0) -> 516.25 | G109: =TRUNC(F109*1.2723,2) -> 656.82 | H109: =TRUNC(E109*G109,2) -> 792.12 | K109: =M117*0.3*0.03 -> 1.206
C110: SUB TOTAL | H110: =SUM(H109) -> 792.12
A112: 3.3 | C112: ELÉTRICA-ESTRUTURAS E CONDUTORES | K112: VICENTE PERALTA
A113: 3.3.1 | B113: 91857 | C113: =VLOOKUP(B113,CSD!B114:F10491,2,0) -> ELETRODUTO FLEXÍVEL CORRUGADO REFORÇADO, PVC, DN 32 MM (1"), PARA CIRCUITOS TERMINAIS, INSTALADO EM PAREDE - FORNECIMENTO E INSTALAÇÃO. AF_03/2023 | D113: =VLOOKUP(B113,CSD!B114:F10491,3,0) -> M | E113: =L103 -> 33 | F113: =VLOOKUP(B113,CSD!B114:F10491,4,0) -> 16.58 | G113: =TRUNC(F113*1.2723,2) -> 21.09 | H113: =TRUNC(E113*G113,2) -> 695.97 | K113: Trecho 1 | L113: =12+149 -> 161 | M113: =24+27+12 -> 63
A114: 3.3.2 | B114: 97667 | C114: =VLOOKUP(B114,CSD!B115:F10492,2,0) -> ELETRODUTO FLEXÍVEL CORRUGADO, PEAD, DN 50 (1 1/2"), PARA REDE ENTERRADA DE DISTRIBUIÇÃO DE ENERGIA ELÉTRICA - FORNECIMENTO E INSTALAÇÃO. AF_12/2021 | D114: =VLOOKUP(B114,CSD!B115:F10492,3,0) -> M | E114: =L117-M117 -> 478 | F114: =VLOOKUP(B114,CSD!B115:F10492,4,0) -> 8.93 | G114: =TRUNC(F114*1.2723,2) -> 11.36 | H114: =TRUNC(E114*G114,2) -> 5430.08 | K114: Trecho 2 | L114: =216+12 -> 228 | M114: =35+12 -> 47
A115: 3.3.3 | B115: 43430 | C115: =VLOOKUP(B115,ISD!B105:F4959,2,0) -> CAIXA DE CONCRETO ARMADO PRE-MOLDADO, SEM FUNDO, QUADRADA, DIMENSOES DE 0,40 X 0,40 X 0,40 M | D115: =VLOOKUP(B115,ISD!B105:F4959,3,0) -> UN | E115: =M103 -> 37 | F115: =VLOOKUP(B115,ISD!B105:F4959,5,0) -> 159.66 | G115: =TRUNC(F115*1.2723,2) -> 203.13 | H115: =TRUNC(E115*G115,2) -> 7515.81 | K115: Trecho 3 | L115: =101+12 -> 113 | M115: 12
A116: 3.3.4 | B116: 03836/ORSE Abril/2026-1 | C116: ELETRODUTO EM FERRO GALVANIZADO PESADO SEM COSTURA 1 1/2" X 3M | D116: UN | E116: =M117/3 -> 44.666667 | F116: 159 | G116: =TRUNC(F116*1.2723,2) -> 202.29 | H116: =TRUNC(E116*G116,2) -> 9035.62 | K116: Trecho 4 | L116: =12+98 -> 110 | M116: 12
A117: 3.3.5 | B117: 91867 | C117: =VLOOKUP(B117,CSD!B118:F10495,2,0) -> ELETRODUTO RÍGIDO ROSCÁVEL, PVC, DN 25 MM (3/4"), PARA CIRCUITOS TERMINAIS, INSTALADO EM LAJE - FORNECIMENTO E INSTALAÇÃO. AF_03/2023 | D117: =VLOOKUP(B117,CSD!B118:F10495,3,0) -> M | E117: =5*3 -> 15 | F117: =VLOOKUP(B117,CSD!B118:F10495,4,0) -> 10.63 | G117: =TRUNC(F117*1.2723,2) -> 13.52 | H117: =TRUNC(E117*G117,2) -> 202.8 | L117: =SUM(L113:L116) -> 612 | M117: =SUM(M113:M116) -> 134
...

Sheet AVENIDAS 2
A1: PREFEITURA MUNICIPAL DE PARANAÍBA-MS | I1: Aristides klafke
A2: SECRETARIA MUNICIPAL DE OBRAS, HABITAÇÃO E URBANISMO | I2: Trecho 1 | J2: =12+195 -> 207 | K2: =32+12 -> 44
I3: Trecho 2 | J3: =220+12 -> 232 | K3: =12+30 -> 42
A4: . | I4: Trecho 3 | J4: =237+43+12 -> 292 | K4: =30+12+17+17 -> 76
J5: =SUM(J2:J4) -> 731 | K5: =SUM(K2:K4) -> 162
A8: Objeto: | B8: MODERNIZAÇÃO DO SISTEMA DE ILUMINAÇÃO DE DISVERSAS AVENIDAS
A9: Município: | B9: PARANAÍBA/MS
A10: Local: | B10: ÁREA URBANA
A11: BDI: | B11: Acórdão 2622/2013 - NÃO DESONERADO | C11: 0.2723
A12: Prazo exec.: | B12: 03 meses
A13: Sist./Ref.: | B13: SEM DESONERAÇÃO SINAPI (04/2026)
C15: MEMORIAL DE CÁLCULO
A17: Ítem | B17: SINAPI/ COMP. | C17: Especificações | D17: Und | E17: Quant | F17: Memória de cálculo
A18: 1 | C18: MODERNIZAÇÃO ILUMINAÇÃO CANTEIRO CENTRAL AVENIDA ARISTIDES KLAFKE | H18: VALA | I18: CAVA POSTE | J18: CAVA CX PASSAGEM
A19: 1.1 | C19: SERVIÇOS EM TERRA | H19: 731 | I19: 37 | J19: 42
A20: 1.1.1 | B20: 93358 | C20: =VLOOKUP(B20,CSD!B11:F10388,2,0) -> ESCAVAÇÃO MANUAL DE VALA. AF_09/2024 | D20: =VLOOKUP(B20,CSD!B11:F10388,3,0) -> M3 | E20: 118.23 | F20: Escavação dos postes e valetas de interligação dos postes | H20: =H19*0.3*0.5 -> 109.65 | I20: =I19*0.3*0.3*1 -> 3.33 | J20: =J19*0.5*0.5*0.5 -> 5.25 | K20: =SUM(H20:J20) -> 118.23
A21: 1.1.2 | B21: 93382 | C21: =VLOOKUP(B21,CSD!B12:F10389,2,0) -> REATERRO MANUAL DE VALAS, COM COMPACTADOR DE SOLOS DE PERCUSSÃO. AF_08/2023 | D21: =VLOOKUP(B21,CSD!B12:F10389,3,0) -> M3 | E21: 118.23 | F21: Reaterro dos postes e valetas de interligação dos postes
A23: 1.2 | C23: SERVIÇOS EM CONCRETO
A24: 1.2.1 | B24: 94975 | C24: =VLOOKUP(B24,CSD!B16:F10393,2,0) -> CONCRETO FCK = 15MPA, TRAÇO 1:3,4:3,5 (EM MASSA SECA DE CIMENTO/ AREIA MÉDIA/ BRITA 1) - PREPARO MANUAL. AF_05/2021 | D24: =VLOOKUP(B24,CSD!B16:F10393,3,0) -> M3 | E24: 1.46 | F24: Concretagem dos postes e envelopamento dos eletrodutos | H24: =K5*0.3*0.03 -> 1.458
A26: 1.3 | C26: ELÉTRICA-ESTRUTURAS E CONDUTORES
A27: 1.3.1 | B27: 91857 | C27: =VLOOKUP(B27,CSD!B20:F10397,2,0) -> ELETRODUTO FLEXÍVEL CORRUGADO REFORÇADO, PVC, DN 32 MM (1"), PARA CIRCUITOS TERMINAIS, INSTALADO EM PAREDE - FORNECIMENTO E INSTALAÇÃO. AF_03/2023 | D27: =VLOOKUP(B27,CSD!B20:F10397,3,0) -> M | E27: 37 | F27: Interligação das caixas de passagem com os postes
A28: 1.3.2 | B28: 97667 | C28: =VLOOKUP(B28,CSD!B21:F10398,2,0) -> ELETRODUTO FLEXÍVEL CORRUGADO, PEAD, DN 50 (1 1/2"), PARA REDE ENTERRADA DE DISTRIBUIÇÃO DE ENERGIA ELÉTRICA - FORNECIMENTO E INSTALAÇÃO. AF_12/2021 | D28: =VLOOKUP(B28,CSD!B21:F10398,3,0) -> M | E28: =J5-K5 -> 569 | F28: Interligação entre as caixas de passagem comprimento do circuito
A29: 1.3.3 | B29: 43430 | C29: =VLOOKUP(B29,ISD!B11:F4865,2,0) -> CAIXA DE CONCRETO ARMADO PRE-MOLDADO, SEM FUNDO, QUADRADA, DIMENSOES DE 0,40 X 0,40 X 0,40 M | D29: =VLOOKUP(B29,ISD!B11:F4865,3,0) -> UN | E29: 42 | F29: Caixa de passagem entre postes
A30: 1.3.4 | B30: 03836/ORSE Abril/2026-1 | C30: ELETRODUTO EM FERRO GALVANIZADO PESADO SEM COSTURA 1 1/2" X 3M | D30: UN | E30: =162/3 -> 54 | F30: Interligação das caixas de passagem entre canteiros (rua)
A31: 1.3.5 | B31: 91867 | C31: =VLOOKUP(B31,CSD!B24:F10401,2,0) -> ELETRODUTO RÍGIDO ROSCÁVEL, PVC, DN 25 MM (3/4"), PARA CIRCUITOS TERMINAIS, INSTALADO EM LAJE - FORNECIMENTO E INSTALAÇÃO. AF_03/2023 | D31: =VLOOKUP(B31,CSD!B24:F10401,3,0) -> M | E31: =4*3 -> 12 | F31: Descida do quadro de distribuição no CP rede para a caixa de passagem
A32: 1.3.6 | B32: 91914 | C32: =VLOOKUP(B32,CSD!B25:F10402,2,0) -> CURVA 90 GRAUS PARA ELETRODUTO, PVC, ROSCÁVEL, DN 25 MM (3/4"), PARA CIRCUITOS TERMINAIS, INSTALADA EM PAREDE - FORNECIMENTO E INSTALAÇÃO. AF_03/2023 | D32: =VLOOKUP(B32,CSD!B25:F10402,3,0) -> UN | E32: 3 | F32: Descida do quadro de distribuição no CP rede para a caixa de passagem
A33: 1.3.7 | B33: 91884 | C33: =VLOOKUP(B33,CSD!B26:F10403,2,0) -> LUVA PARA ELETRODUTO, PVC, ROSCÁVEL, DN 25 MM (3/4"), PARA CIRCUITOS TERMINAIS, INSTALADA EM PAREDE - FORNECIMENTO E INSTALAÇÃO. AF_03/2023 | D33: =VLOOKUP(B33,CSD!B26:F10403,3,0) -> UN | E33: 3 | F33: Descida do quadro de distribuição no CP rede para a caixa de passagem
A34: 1.3.8 | B34: 93671 | C34: =VLOOKUP(B34,CSD!B27:F10404,2,0) -> DISJUNTOR TRIPOLAR TIPO DIN, CORRENTE NOMINAL DE 32A - FORNECIMENTO E INSTALAÇÃO. AF_07/2025 | D34: =VLOOKUP(B34,CSD!B27:F10404,3,0) -> UN | E34: 3 | F34: Proteção do circuito de comando
A35: 1.3.9 | B35: 93653 | C35: =VLOOKUP(B35,CSD!B28:F10405,2,0) -> DISJUNTOR MONOPOLAR TIPO DIN, CORRENTE NOMINAL DE 10A - FORNECIMENTO E INSTALAÇÃO. AF_07/2025 | D35: =VLOOKUP(B35,CSD!B28:F10405,3,0) -> UN | E35: 1 | F35: Acionamento do contator em caso de falha do relé
A36: 1.3.10 | B36: 13861/ORSE Abril/2026-1 | C36: CAIXA DE FERRO PARA QUADRO, DIM. 50 X 40CM, EM AÇO CARBONO #16, PINTURA ELETROSTÁTICA A PÓ, CINZA RAL, PLACA DE MONTAGEM #14 LARANJA - FECHO PADRÃO COM ACIONAMENTO FENDA, BORRACHA DE VEDAÇÃO. | D36: UN | E36: 3 | F36: Montagem do comando de acionamento
A37: 1.3.11 | B37: 96985 | C37: =VLOOKUP(B37,CSD!B30:F10407,2,0) -> HASTE DE ATERRAMENTO, DIÂMETRO 5/8", COM 3 METROS - FORNECIMENTO E INSTALAÇÃO. AF_08/2023 | D37: =VLOOKUP(B37,CSD!B30:F10407,3,0) -> UN | E37: 37 | F37: Aterramento das luminárias
A38: 1.3.12 | B38: 101902 | C38: =VLOOKUP(B38,CSD!B31:F10408,2,0) -> CONTATOR TRIPOLAR I NOMINAL 22A - FORNECIMENTO E INSTALAÇÃO. AF_07/2025 | D38: =VLOOKUP(B38,CSD!B31:F10408,3,0) -> UN | E38: 3 | F38: Comando de acionamento do circuito
A39: 1.3.13 | B39: 101632 | C39: =VLOOKUP(B39,CSD!B32:F10409,2,0) -> RELÉ FOTOELÉTRICO PARA COMANDO DE ILUMINAÇÃO EXTERNA 1000 W - FORNECIMENTO E INSTALAÇÃO. AF_02/2025 | D39: =VLOOKUP(B39,CSD!B32:F10409,3,0) -> UN | E39: 3 | F39: Comando de acionamento do circuito
A40: 1.3.14 | B40: 91926 | C40: =VLOOKUP(B40,CSD!B33:F10410,2,0) -> CABO DE COBRE FLEXÍVEL ISOLADO, 2,5 MM², ANTI-CHAMA 450/750 V, PARA CIRCUITOS TERMINAIS - FORNECIMENTO E INSTALAÇÃO. AF_03/2023 | D40: =VLOOKUP(B40,CSD!B33:F10410,3,0) -> M | E40: =10*3*E27 -> 1110 | F40: Cabo de subida nos postes para alimentação das luminárias
A41: 1.3.15 | B41: 91928 | C41: =VLOOKUP(B41,CSD!B34:F10411,2,0) -> CABO DE COBRE FLEXÍVEL ISOLADO, 4 MM², ANTI-CHAMA 450/750 V, PARA CIRCUITOS TERMINAIS - FORNECIMENTO E INSTALAÇÃO. AF_03/2023 | D41: =VLOOKUP(B41,CSD!B34:F10411,3,0) -> M | E41: =J5*3 -> 2193 | F41: cabo de distribuição do circuito entre caixas comprimento do circuito vezes três fases
A43: 1.4 | C43: POSTES E LUMINÁRIAS
A44: 1.4.1 | B44: COMPOSIÇÃO REPRESENTATIVA 01 | C44: =Composição!A2 -> POSTE DE AÇO GALVANIZADO A QUENTE TIPO TELECONICO RETO COMPOSTO DE DOIS BRAÇOS ORNAMENTAIS TIPO ASA DE BORBOLETA Ø60,3MM COM PROJEÇÃO DE 2,50M, ENGASTAMENTO DIRETO AO SOLO, SEM JANELA DE INSPECAO H=10M - TOPO=Ø76,2MM E BASE=Ø127mm | D44: UN | E44: 37 | F44: Conforme projeto postes espaçados em aproximadamente 20 metros cobrindo toda a extensão da avenida
A45: 1.4.2 | B45: 101658 | C45: =VLOOKUP(B45,CSD!B39:F10416,2,0) -> LUMINÁRIA DE LED PARA ILUMINAÇÃO PÚBLICA, DE 138 W ATÉ 180 W - FORNECIMENTO E INSTALAÇÃO. AF_02/2025_PS | D45: =VLOOKUP(B45,CSD!B39:F10416,3,0) -> UN | E45: =E44*2 -> 74 | F45: 2 luminárias por poste
A47: 1.5 | C47: DIVERSOS
A48: 1.5.1 | B48: 11856 | C48: =VLOOKUP(B48,ISD!B32:F4886,2,0) -> CONECTOR METALICO TIPO PARAFUSO FENDIDO (SPLIT BOLT), PARA CABOS ATE 10 MM2 | D48: =VLOOKUP(B48,ISD!B32:F4886,3,0) -> UN | E48: 37 | F48: Interligação da haste de aterramento e cabo
A49: 1.5.3 | B49: 20111 | C49: =VLOOKUP(B49,ISD!B33:F4887,2,0) -> FITA ISOLANTE ADESIVA ANTICHAMA, USO ATE 750 V, EM ROLO DE 19 MM X 20 M | D49: =VLOOKUP(B49,ISD!B33:F4887,3,0) -> UN | E49: 8 | F49: Isolação das conexões
A51: Ítem | B51: SINAPI/ COMP. | C51: Especificações | D51: Und | E51: Quant | F51: Memória de cálculo
A52: 2 | C52: MODERNIZAÇÃO ILUMINAÇÃO CANTEIRO CENTRAL AVENIDA VICENTE PERALTA | H52: VALA | I52: CAVA POSTE | J52: CAVA CX PASSAGEM
A53: 2.1 | C53: SERVIÇOS EM TERRA | H53: 580 | I53: 34 | J53: 37
A54: 2.1.1 | B54: 93358 | C54: =VLOOKUP(B54,CSD!B58:F10435,2,0) -> ESCAVAÇÃO MANUAL DE VALA. AF_09/2024 | D54: =VLOOKUP(B54,CSD!B58:F10435,3,0) -> M3 | E54: 94.69 | F54: Escavação dos postes e valetas de interligação dos postes | H54: =H53*0.3*0.5 -> 87 | I54: =I53*0.3*0.3*1 -> 3.06 | J54: =J53*0.5*0.5*0.5 -> 4.625 | K54: =SUM(H54:J54) -> 94.685
A55: 2.1.2 | B55: 93382 | C55: =VLOOKUP(B55,CSD!B59:F10436,2,0) -> REATERRO MANUAL DE VALAS, COM COMPACTADOR DE SOLOS DE PERCUSSÃO. AF_08/2023 | D55: =VLOOKUP(B55,CSD!B59:F10436,3,0) -> M3 | E55: 94.69 | F55: Reaterro dos postes e valetas de interligação dos postes
A57: 2.2 | C57: SERVIÇOS EM CONCRETO
A58: 2.2.1 | B58: 94975 | C58: =VLOOKUP(B58,CSD!B63:F10440,2,0) -> CONCRETO FCK = 15MPA, TRAÇO 1:3,4:3,5 (EM MASSA SECA DE CIMENTO/ AREIA MÉDIA/ BRITA 1) - PREPARO MANUAL. AF_05/2021 | D58: =VLOOKUP(B58,CSD!B63:F10440,3,0) -> M3 | E58: 1.57 | F58: Concretagem dos postes e envelopamento dos eletrodutos | H58: =J64*0.3*0.03 -> 1.566
A60: 2.3 | C60: ELÉTRICA-ESTRUTURAS E CONDUTORES | H60: VICENTE PERALTA
A61: 2.3.1 | B61: 91857 | C61: =VLOOKUP(B61,CSD!B67:F10444,2,0) -> ELETRODUTO FLEXÍVEL CORRUGADO REFORÇADO, PVC, DN 32 MM (1"), PARA CIRCUITOS TERMINAIS, INSTALADO EM PAREDE - FORNECIMENTO E INSTALAÇÃO. AF_03/2023 | D61: =VLOOKUP(B61,CSD!B67:F10444,3,0) -> M | E61: 34 | F61: Interligação das caixas de passagem com os postes | H61: Trecho 1 | I61: =12+203 -> 215 | J61: =23+27+12 -> 62
A62: 2.3.2 | B62: 97667 | C62: =VLOOKUP(B62,CSD!B68:F10445,2,0) -> ELETRODUTO FLEXÍVEL CORRUGADO, PEAD, DN 50 (1 1/2"), PARA REDE ENTERRADA DE DISTRIBUIÇÃO DE ENERGIA ELÉTRICA - FORNECIMENTO E INSTALAÇÃO. AF_12/2021 | D62: =VLOOKUP(B62,CSD!B68:F10445,3,0) -> M | E62: =I64-J64 -> 406 | F62: Interligação entre as caixas de passagem comprimento do circuito | H62: Trecho 2 | I62: =206+12 -> 218 | J62: =24+22+12 -> 58
A63: 2.3.3 | B63: 43430 | C63: =VLOOKUP(B63,ISD!B58:F4912,2,0) -> CAIXA DE CONCRETO ARMADO PRE-MOLDADO, SEM FUNDO, QUADRADA, DIMENSOES DE 0,40 X 0,40 X 0,40 M | D63: =VLOOKUP(B63,ISD!B58:F4912,3,0) -> UN | E63: =J53 -> 37 | F63: Caixa de passagem entre postes | H63: Trecho 3 | I63: =135+12 -> 147 | J63: =21+21+12 -> 54
A64: 2.3.4 | B64: 03836/ORSE Abril/2026-1 | C64: ELETRODUTO EM FERRO GALVANIZADO PESADO SEM COSTURA 1 1/2" X 3M | D64: UN | E64: =M64/3 -> 0 | F64: Interligação das caixas de passagem entre canteiros (rua) | I64: =SUM(I61:I63) -> 580 | J64: =SUM(J61:J63) -> 174
A65: 2.3.5 | B65: 91867 | C65: =VLOOKUP(B65,CSD!B71:F10448,2,0) -> ELETRODUTO RÍGIDO ROSCÁVEL, PVC, DN 25 MM (3/4"), PARA CIRCUITOS TERMINAIS, INSTALADO EM LAJE - FORNECIMENTO E INSTALAÇÃO. AF_03/2023 | D65: =VLOOKUP(B65,CSD!B71:F10448,3,0) -> M | E65: =4*3 -> 12 | F65: Descida do quadro de distribuição no CP rede para a caixa de passagem
A66: 2.3.6 | B66: 91914 | C66: =VLOOKUP(B66,CSD!B72:F10449,2,0) -> CURVA 90 GRAUS PARA ELETRODUTO, PVC, ROSCÁVEL, DN 25 MM (3/4"), PARA CIRCUITOS TERMINAIS, INSTALADA EM PAREDE - FORNECIMENTO E INSTALAÇÃO. AF_03/2023 | D66: =VLOOKUP(B66,CSD!B72:F10449,3,0) -> UN | E66: 3 | F66: Descida do quadro de distribuição no CP rede para a caixa de passagem
A67: 2.3.7 | B67: 91884 | C67: =VLOOKUP(B67,CSD!B73:F10450,2,0) -> LUVA PARA ELETRODUTO, PVC, ROSCÁVEL, DN 25 MM (3/4"), PARA CIRCUITOS TERMINAIS, INSTALADA EM PAREDE - FORNECIMENTO E INSTALAÇÃO. AF_03/2023 | D67: =VLOOKUP(B67,CSD!B73:F10450,3,0) -> UN | E67: 3 | F67: Descida do quadro de distribuição no CP rede para a caixa de passagem
A68: 2.3.8 | B68: 93671 | C68: =VLOOKUP(B68,CSD!B74:F10451,2,0) -> DISJUNTOR TRIPOLAR TIPO DIN, CORRENTE NOMINAL DE 32A - FORNECIMENTO E INSTALAÇÃO. AF_07/2025 | D68: =VLOOKUP(B68,CSD!B74:F10451,3,0) -> UN | E68: 3 | F68: Proteção do circuito de comando
A69: 2.3.9 | B69: 93653 | C69: =VLOOKUP(B69,CSD!B75:F10452,2,0) -> DISJUNTOR MONOPOLAR TIPO DIN, CORRENTE NOMINAL DE 10A - FORNECIMENTO E INSTALAÇÃO. AF_07/2025 | D69: =VLOOKUP(B69,CSD!B75:F10452,3,0) -> UN | E69: 1 | F69: Acionamento do contator em caso de falha do relé
A70: 2.3.10 | B70: 13861/ORSE Abril/2026-1 | C70: CAIXA DE FERRO PARA QUADRO, DIM. 50 X 40CM, EM AÇO CARBONO #16, PINTURA ELETROSTÁTICA A PÓ, CINZA RAL, PLACA DE MONTAGEM #14 LARANJA - FECHO PADRÃO COM ACIONAMENTO FENDA, BORRACHA DE VEDAÇÃO. | D70: UN | E70: 3 | F70: Montagem do comando de acionamento
A71: 2.3.11 | B71: 96985 | C71: =VLOOKUP(B71,CSD!B77:F10454,2,0) -> HASTE DE ATERRAMENTO, DIÂMETRO 5/8", COM 3 METROS - FORNECIMENTO E INSTALAÇÃO. AF_08/2023 | D71: =VLOOKUP(B71,CSD!B77:F10454,3,0) -> UN | E71: 34 | F71: Aterramento das luminárias
A72: 2.3.12 | B72: 101902 | C72: =VLOOKUP(B72,CSD!B78:F10455,2,0) -> CONTATOR TRIPOLAR I NOMINAL 22A - FORNECIMENTO E INSTALAÇÃO. AF_07/2025 | D72: =VLOOKUP(B72,CSD!B78:F10455,3,0) -> UN | E72: 3 | F72: Comando de acionamento do circuito
A73: 2.3.13 | B73: 101632 | C73: =VLOOKUP(B73,CSD!B79:F10456,2,0) -> RELÉ FOTOELÉTRICO PARA COMANDO DE ILUMINAÇÃO EXTERNA 1000 W - FORNECIMENTO E INSTALAÇÃO. AF_02/2025 | D73: =VLOOKUP(B73,CSD!B79:F10456,3,0) -> UN | E73: 3 | F73: Comando de acionamento do circuito
A74: 2.3.14 | B74: 91926 | C74: =VLOOKUP(B74,CSD!B80:F10457,2,0) -> CABO DE COBRE FLEXÍVEL ISOLADO, 2,5 MM², ANTI-CHAMA 450/750 V, PARA CIRCUITOS TERMINAIS - FORNECIMENTO E INSTALAÇÃO. AF_03/2023 | D74: =VLOOKUP(B74,CSD!B80:F10457,3,0) -> M | E74: =10*3*E61 -> 1020 | F74: Cabo de subida nos postes para alimentação das luminárias
A75: 2.3.15 | B75: 91928 | C75: =VLOOKUP(B75,CSD!B81:F10458,2,0) -> CABO DE COBRE FLEXÍVEL ISOLADO, 4 MM², ANTI-CHAMA 450/750 V, PARA CIRCUITOS TERMINAIS - FORNECIMENTO E INSTALAÇÃO. AF_03/2023 | D75: =VLOOKUP(B75,CSD!B81:F10458,3,0) -> M | E75: =I64*3 -> 1740 | F75: cabo de distribuição do circuito entre caixas comprimento do circuito vezes três fases
A77: 2.4 | C77: POSTES E LUMINÁRIAS
A78: 2.4.1 | B78: COMPOSIÇÃO REPRESENTATIVA 01 | C78: =Composição!A2 -> POSTE DE AÇO GALVANIZADO A QUENTE TIPO TELECONICO RETO COMPOSTO DE DOIS BRAÇOS ORNAMENTAIS TIPO ASA DE BORBOLETA Ø60,3MM COM PROJEÇÃO DE 2,50M, ENGASTAMENTO DIRETO AO SOLO, SEM JANELA DE INSPECAO H=10M - TOPO=Ø76,2MM E BASE=Ø127mm | D78: UN | E78: 37 | F78: Conforme projeto postes espaçados em aproximadamente 20 metros cobrindo toda a extensão da avenida
A79: 2.4.2 | B79: 101658 | C79: =VLOOKUP(B79,CSD!B86:F10463,2,0) -> LUMINÁRIA DE LED PARA ILUMINAÇÃO PÚBLICA, DE 138 W ATÉ 180 W - FORNECIMENTO E INSTALAÇÃO. AF_02/2025_PS | D79: =VLOOKUP(B79,CSD!B86:F10463,3,0) -> UN | E79: =E78*2 -> 74 | F79: 2 luminárias por poste
A81: 2.5 | C81: DIVERSOS
A82: 2.5.1 | B82: 11856 | C82: =VLOOKUP(B82,ISD!B79:F4933,2,0) -> CONECTOR METALICO TIPO PARAFUSO FENDIDO (SPLIT BOLT), PARA CABOS ATE 10 MM2 | D82: =VLOOKUP(B82,ISD!B79:F4933,3,0) -> UN | E82: 34 | F82: Interligação da haste de aterramento e cabo
A83: 2.5.2 | B83: 20111 | C83: =VLOOKUP(B83,ISD!B80:F4934,2,0) -> FITA ISOLANTE ADESIVA ANTICHAMA, USO ATE 750 V, EM ROLO DE 19 MM X 20 M | D83: =VLOOKUP(B83,ISD!B80:F4934,3,0) -> UN | E83: 8 | F83: Isolação das conexões
A85: Ítem | B85: SINAPI/ COMP. | C85: Especificações | D85: Und | E85: Quant | F85: Memória de cálculo
A86: 3 | C86: MODERNIZAÇÃO ILUMINAÇÃO CANTEIRO CENTRAL AVENIDA FILINTO MULLER | H86: VALA | I86: CAVA POSTE | J86: CAVA CX PASSAGEM
A87: 3.1 | C87: SERVIÇOS EM TERRA | H87: =I99 -> 612 | I87: 33 | J87: 37
A88: 3.1.1 | B88: 93358 | C88: =VLOOKUP(B88,CSD!B105:F10482,2,0) -> ESCAVAÇÃO MANUAL DE VALA. AF_09/2024 | D88: =VLOOKUP(B88,CSD!B105:F10482,3,0) -> M3 | E88: =K88 -> 99.395 | F88: Escavação dos postes e valetas de interligação dos postes | H88: =H87*0.3*0.5 -> 91.8 | I88: =I87*0.3*0.3*1 -> 2.97 | J88: =J87*0.5*0.5*0.5 -> 4.625 | K88: =SUM(H88:J88) -> 99.395
A89: 3.1.2 | B89: 93382 | C89: =VLOOKUP(B89,CSD!B106:F10483,2,0) -> REATERRO MANUAL DE VALAS, COM COMPACTADOR DE SOLOS DE PERCUSSÃO. AF_08/2023 | D89: =VLOOKUP(B89,CSD!B106:F10483,3,0) -> M3 | E89: =K88 -> 99.395 | F89: Reaterro dos postes e valetas de interligação dos postes
A91: 3.2 | C91: SERVIÇOS EM CONCRETO
A92: 3.2.1 | B92: 94975 | C92: =VLOOKUP(B92,CSD!B110:F10487,2,0) -> CONCRETO FCK = 15MPA, TRAÇO 1:3,4:3,5 (EM MASSA SECA DE CIMENTO/ AREIA MÉDIA/ BRITA 1) - PREPARO MANUAL. AF_05/2021 | D92: =VLOOKUP(B92,CSD!B110:F10487,3,0) -> M3 | E92: =H92 -> 1.206 | F92: Concretagem dos postes e envelopamento dos eletrodutos | H92: =J99*0.3*0.03 -> 1.206
A94: 3.3 | C94: ELÉTRICA-ESTRUTURAS E CONDUTORES | H94: VICENTE PERALTA
A95: 3.3.1 | B95: 91857 | C95: =VLOOKUP(B95,CSD!B114:F10491,2,0) -> ELETRODUTO FLEXÍVEL CORRUGADO REFORÇADO, PVC, DN 32 MM (1"), PARA CIRCUITOS TERMINAIS, INSTALADO EM PAREDE - FORNECIMENTO E INSTALAÇÃO. AF_03/2023 | D95: =VLOOKUP(B95,CSD!B114:F10491,3,0) -> M | E95: =I87 -> 33 | F95: Interligação das caixas de passagem com os postes | H95: Trecho 1 | I95: =12+149 -> 161 | J95: =24+27+12 -> 63
A96: 3.3.2 | B96: 97667 | C96: =VLOOKUP(B96,CSD!B115:F10492,2,0) -> ELETRODUTO FLEXÍVEL CORRUGADO, PEAD, DN 50 (1 1/2"), PARA REDE ENTERRADA DE DISTRIBUIÇÃO DE ENERGIA ELÉTRICA - FORNECIMENTO E INSTALAÇÃO. AF_12/2021 | D96: =VLOOKUP(B96,CSD!B115:F10492,3,0) -> M | E96: =I99-J99 -> 478 | F96: Interligação entre as caixas de passagem comprimento do circuito | H96: Trecho 2 | I96: =216+12 -> 228 | J96: =35+12 -> 47
A97: 3.3.3 | B97: 43430 | C97: =VLOOKUP(B97,ISD!B105:F4959,2,0) -> CAIXA DE CONCRETO ARMADO PRE-MOLDADO, SEM FUNDO, QUADRADA, DIMENSOES DE 0,40 X 0,40 X 0,40 M | D97: =VLOOKUP(B97,ISD!B105:F4959,3,0) -> UN | E97: =J87 -> 37 | F97: Caixa de passagem entre postes | H97: Trecho 3 | I97: =101+12 -> 113 | J97: 12
A98: 3.3.4 | B98: 03836/ORSE Abril/2026-1 | C98: ELETRODUTO EM FERRO GALVANIZADO PESADO SEM COSTURA 1 1/2" X 3M | D98: UN | E98: =M99/3 -> 0 | F98: Interligação das caixas de passagem entre canteiros (rua) | H98: Trecho 4 | I98: =12+98 -> 110 | J98: 12
A99: 3.3.5 | B99: 91867 | C99: =VLOOKUP(B99,CSD!B118:F10495,2,0) -> ELETRODUTO RÍGIDO ROSCÁVEL, PVC, DN 25 MM (3/4"), PARA CIRCUITOS TERMINAIS, INSTALADO EM LAJE - FORNECIMENTO E INSTALAÇÃO. AF_03/2023 | D99: =VLOOKUP(B99,CSD!B118:F10495,3,0) -> M | E99: =5*3 -> 15 | F99: Descida do quadro de distribuição no CP rede para a caixa de passagem | I99: =SUM(I95:I98) -> 612 | J99: =SUM(J95:J98) -> 134
A100: 3.3.6 | B100: 91914 | C100: =VLOOKUP(B100,CSD!B119:F10496,2,0) -> CURVA 90 GRAUS PARA ELETRODUTO, PVC, ROSCÁVEL, DN 25 MM (3/4"), PARA CIRCUITOS TERMINAIS, INSTALADA EM PAREDE - FORNECIMENTO E INSTALAÇÃO. AF_03/2023 | D100: =VLOOKUP(B100,CSD!B119:F10496,3,0) -> UN | E100: 4 | F100: Descida do quadro de distribuição no CP rede para a caixa de passagem
A101: 3.3.7 | B101: 91884 | C101: =VLOOKUP(B101,CSD!B120:F10497,2,0) -> LUVA PARA ELETRODUTO, PVC, ROSCÁVEL, DN 25 MM (3/4"), PARA CIRCUITOS TERMINAIS, INSTALADA EM PAREDE - FORNECIMENTO E INSTALAÇÃO. AF_03/2023 | D101: =VLOOKUP(B101,CSD!B120:F10497,3,0) -> UN | E101: 4 | F101: Descida do quadro de distribuição no CP rede para a caixa de passagem
A102: 3.3.8 | B102: 93671 | C102: =VLOOKUP(B102,CSD!B121:F10498,2,0) -> DISJUNTOR TRIPOLAR TIPO DIN, CORRENTE NOMINAL DE 32A - FORNECIMENTO E INSTALAÇÃO. AF_07/2025 | D102: =VLOOKUP(B102,CSD!B121:F10498,3,0) -> UN | E102: 4 | F102: Proteção do circuito de comando
A103: 3.3.9 | B103: 93653 | C103: =VLOOKUP(B103,CSD!B122:F10499,2,0) -> DISJUNTOR MONOPOLAR TIPO DIN, CORRENTE NOMINAL DE 10A - FORNECIMENTO E INSTALAÇÃO. AF_07/2025 | D103: =VLOOKUP(B103,CSD!B122:F10499,3,0) -> UN | E103: 1 | F103: Acionamento do contator em caso de falha do relé
A104: 3.3.10 | B104: 13861/ORSE Abril/2026-1 | C104: CAIXA DE FERRO PARA QUADRO, DIM. 50 X 40CM, EM AÇO CARBONO #16, PINTURA ELETROSTÁTICA A PÓ, CINZA RAL, PLACA DE MONTAGEM #14 LARANJA - FECHO PADRÃO COM ACIONAMENTO FENDA, BORRACHA DE VEDAÇÃO. | D104: UN | E104: 4 | F104: Montagem do comando de acionamento
A105: 3.3.11 | B105: 96985 | C105: =VLOOKUP(B105,CSD!B124:F10501,2,0) -> HASTE DE ATERRAMENTO, DIÂMETRO 5/8", COM 3 METROS - FORNECIMENTO E INSTALAÇÃO. AF_08/2023 | D105: =VLOOKUP(B105,CSD!B124:F10501,3,0) -> UN | E105: =I87 -> 33 | F105: Aterramento das luminárias
A106: 3.3.12 | B106: 101902 | C106: =VLOOKUP(B106,CSD!B125:F10502,2,0) -> CONTATOR TRIPOLAR I NOMINAL 22A - FORNECIMENTO E INSTALAÇÃO. AF_07/2025 | D106: =VLOOKUP(B106,CSD!B125:F10502,3,0) -> UN | E106: 4 | F106: Comando de acionamento do circuito
A107: 3.3.13 | B107: 101632 | C107: =VLOOKUP(B107,CSD!B126:F10503,2,0) -> RELÉ FOTOELÉTRICO PARA COMANDO DE ILUMINAÇÃO EXTERNA 1000 W - FORNECIMENTO E INSTALAÇÃO. AF_02/2025 | D107: =VLOOKUP(B107,CSD!B126:F10503,3,0) -> UN | E107: 4 | F107: Comando de acionamento do circuito
A108: 3.3.14 | B108: 91926 | C108: =VLOOKUP(B108,CSD!B127:F10504,2,0) -> CABO DE COBRE FLEXÍVEL ISOLADO, 2,5 MM², ANTI-CHAMA 450/750 V, PARA CIRCUITOS TERMINAIS - FORNECIMENTO E INSTALAÇÃO. AF_03/2023 | D108: =VLOOKUP(B108,CSD!B127:F10504,3,0) -> M | E108: =10*3*E95 -> 990 | F108: Cabo de subida nos postes para alimentação das luminárias
A109: 3.3.15 | B109: 91928 | C109: =VLOOKUP(B109,CSD!B128:F10505,2,0) -> CABO DE COBRE FLEXÍVEL ISOLADO, 4 MM², ANTI-CHAMA 450/750 V, PARA CIRCUITOS TERMINAIS - FORNECIMENTO E INSTALAÇÃO. AF_03/2023 | D109: =VLOOKUP(B109,CSD!B128:F10505,3,0) -> M | E109: =I99*3 -> 1836 | F109: cabo de distribuição do circuito entre caixas comprimento do circuito vezes três fases
A111: 3.4 | C111: POSTES E LUMINÁRIAS
A112: 3.4.1 | B112: COMPOSIÇÃO REPRESENTATIVA 01 | C112: =Composição!A2 -> POSTE DE AÇO GALVANIZADO A QUENTE TIPO TELECONICO RETO COMPOSTO DE DOIS BRAÇOS ORNAMENTAIS TIPO ASA DE BORBOLETA Ø60,3MM COM PROJEÇÃO DE 2,50M, ENGASTAMENTO DIRETO AO SOLO, SEM JANELA DE INSPECAO H=10M - TOPO=Ø76,2MM E BASE=Ø127mm | D112: UN | E112: =I87 -> 33 | F112: Conforme projeto postes espaçados em aproximadamente 20 metros cobrindo toda a extensão da avenida
A113: 3.4.2 | B113: 101658 | C113: =VLOOKUP(B113,CSD!B133:F10510,2,0) -> LUMINÁRIA DE LED PARA ILUMINAÇÃO PÚBLICA, DE 138 W ATÉ 180 W - FORNECIMENTO E INSTALAÇÃO. AF_02/2025_PS | D113: =VLOOKUP(B113,CSD!B133:F10510,3,0) -> UN | E113: =E112*2 -> 66 | F113: 2 luminárias por poste
A115: 3.5 | C115: DIVERSOS
A116: 3.5.1 | B116: 11856 | C116: =VLOOKUP(B116,ISD!B126:F4980,2,0) -> CONECTOR METALICO TIPO PARAFUSO FENDIDO (SPLIT BOLT), PARA CABOS ATE 10 MM2 | D116: =VLOOKUP(B116,ISD!B126:F4980,3,0) -> UN | E116: =E105 -> 33 | F116: Interligação da haste de aterramento e cabo
A117: 3.5.2 | B117: 20111 | C117: =VLOOKUP(B117,ISD!B127:F4981,2,0) -> FITA ISOLANTE ADESIVA ANTICHAMA, USO ATE 750 V, EM ROLO DE 19 MM X 20 M | D117: =VLOOKUP(B117,ISD!B127:F4981,3,0) -> UN | E117: 8 | F117: Isolação das conexões
A119: Ítem | B119: SINAPI/ COMP. | C119: Especificações | D119: Und | E119: Quant | F119: Memória de cálculo
...

Sheet Composição
A1: COMPOSIÇÃO REPRESENTATIVA 01
A2: POSTE DE AÇO GALVANIZADO A QUENTE TIPO TELECONICO RETO COMPOSTO DE DOIS BRAÇOS ORNAMENTAIS TIPO ASA DE BORBOLETA Ø60,3MM COM PROJEÇÃO DE 2,50M, ENGASTAMENTO DIRETO AO SOLO, SEM JANELA DE INSPECAO H=10M - TOPO=Ø76,2MM E BASE=Ø127mm
A3: ITEM | B3: CÓDIGO | C3: ORIGEM | D3: UNIDADE | E3: DESCRIÇÃO | F3: QUANTIDADE | G3: CUSTO UNIT. | H3: CUSTO UNIT TOTAL
A4: 1.1 | B4: 7692 | C4: ORSE Abril/2026-1 | D4: M | E4: TUBO ACO GALVANIZADO COM COSTURA, CLASSE MEDIA, DN 5", E = *5,40* MM, PESO *17,80* KG/M (NBR 5580) | F4: 3 | G4: 254.89 | H4: =TRUNC(F4*G4,2) -> 764.67
A5: 1.2 | B5: 101918 | C5: Composição | D5: =VLOOKUP(B5,CSD!B6:F10383,3,0) -> M | E5: =VLOOKUP(B5,CSD!B6:F10383,2,0) -> TUBO DE AÇO GALVANIZADO COM COSTURA, CLASSE MÉDIA, DN 100 (4"), CONEXÃO ROSQUEADA, INSTALADO EM PRUMADAS - FORNECIMENTO E INSTALAÇÃO. AF_01/2026 | F5: 3 | G5: =VLOOKUP(B5,CSD!B6:F10383,4,0) -> 207.2 | H5: =TRUNC(F5*G5,2) -> 621.6
A6: 1.3 | B6: 92337 | C6: Composição | D6: =VLOOKUP(B6,CSD!B7:F10384,3,0) -> M | E6: =VLOOKUP(B6,CSD!B7:F10384,2,0) -> TUBO DE AÇO GALVANIZADO COM COSTURA, CLASSE MÉDIA, CONEXÃO RANHURADA, DN 80 (3"), INSTALADO EM PRUMADAS - FORNECIMENTO E INSTALAÇÃO. AF_01/2026 | F6: 4 | G6: =VLOOKUP(B6,CSD!B7:F10384,4,0) -> 143.56 | H6: =TRUNC(F6*G6,2) -> 574.24
A7: 1.4 | B7: 92341 | C7: Composição | D7: =VLOOKUP(B7,CSD!B8:F10385,3,0) -> M | E7: =VLOOKUP(B7,CSD!B8:F10385,2,0) -> TUBO DE AÇO GALVANIZADO COM COSTURA, CLASSE MÉDIA, DN 50 (2"), CONEXÃO ROSQUEADA, INSTALADO EM PRUMADAS - FORNECIMENTO E INSTALAÇÃO. AF_01/2026 | F7: 7 | G7: =VLOOKUP(B7,CSD!B8:F10385,4,0) -> 102 | H7: =TRUNC(F7*G7,2) -> 714
A8: 1.5 | B8: 11026 | C8: ORSE Abril/2026-1 | D8: KG | E8: CHAPA DE ACO GALVANIZADA BITOLA GSG 14, E = 1,95 MM (15,60 KG/M2) | F8: 7.8 | G8: 10.54 | H8: =TRUNC(F8*G8,2) -> 82.21
A9: 1.6 | B9: 11002 | C9: Insumo | D9: =VLOOKUP(B9,ISD!B16:F4870,3,0) -> KG | E9: =VLOOKUP(B9,ISD!B16:F4870,2,0) -> ELETRODO REVESTIDO AWS - E6013, DIAMETRO IGUAL A 2,50 MM | F9: 0.45 | G9: =VLOOKUP(B9,ISD!B16:F4870,5,0) -> 33.91 | H9: =TRUNC(F9*G9,2) -> 15.25
A10: 1.7 | B10: 88317 | C10: Composição | D10: =VLOOKUP(B10,CSD!B11:F10388,3,0) -> H | E10: =VLOOKUP(B10,CSD!B11:F10388,2,0) -> SOLDADOR COM ENCARGOS COMPLEMENTARES | F10: 1 | G10: =VLOOKUP(B10,CSD!B11:F10388,4,0) -> 29.59 | H10: =TRUNC(F10*G10,2) -> 29.59
A11: 1.8 | B11: 379 | C11: ORSE Abril/2026-1 | D11: =VLOOKUP(B11,ISD!B18:F4872,3,0) -> UN | E11: =VLOOKUP(B11,ISD!B18:F4872,2,0) -> ARRUELA QUADRADA EM ACO CARBONO, GALVANIZADA A FOGO (IMERSAO A QUENTE), DIMENSAO = 38 MM, ESPESSURA = 3 MM, DIAMETRO DO FURO = 18 MM | F11: 2 | G11: 1.29 | H11: =TRUNC(F11*G11,2) -> 2.58
A12: 1.9 | B12: 432 | C12: ORSE Abril/2026-1 | D12: =VLOOKUP(B12,ISD!B19:F4873,3,0) -> UN | E12: =VLOOKUP(B12,ISD!B19:F4873,2,0) -> PARAFUSO M16 EM ACO GALVANIZADO, COMPRIMENTO = 250 MM, DIAMETRO = 16 MM, ROSCA MAQUINA, CABECA QUADRADA | F12: 1 | G12: 14.35 | H12: =TRUNC(F12*G12,2) -> 14.35
A13: 1.10 | B13: 4340 | C13: Insumo | D13: =VLOOKUP(B13,ISD!B20:F4874,3,0) -> UN | E13: =VLOOKUP(B13,ISD!B20:F4874,2,0) -> PORCA ZINCADA, SEXTAVADA, DIAMETRO 5/8" | F13: 1 | G13: =VLOOKUP(B13,ISD!B20:F4874,5,0) -> 1.33 | H13: =TRUNC(F13*G13,2) -> 1.33
A14: 1.11 | B14: 5928 | C14: Composição | D14: =VLOOKUP(B14,CSD!B15:F10392,3,0) -> CHP | E14: =VLOOKUP(B14,CSD!B15:F10392,2,0) -> GUINDAUTO HIDRÁULICO, CAPACIDADE MÁXIMA DE CARGA 6200 KG, MOMENTO MÁXIMO DE CARGA 11,7 TM, ALCANCE MÁXIMO HORIZONTAL 9,70 M, INCLUSIVE CAMINHÃO TOCO PBT 16.000 KG, POTÊNCIA DE 189 CV - CHP DIURNO. AF_06/2014 | F14: 0.111 | G14: =VLOOKUP(B14,CSD!B15:F10392,4,0) -> 308.76 | H14: =TRUNC(F14*G14,2) -> 34.27
A15: Valor Total | H15: =SUM(H4:H14) -> 2854.09
A17: Paranaíba - MS, 16 de JUNHO de 2026
E20: VINÍCIUS ALMEIDA MURTA
E21: ENGENHEIRO ELÉTRICO CREA-MG 179637/D VISTO - MS 34271

Sheet BDI
A1: PREFEITURA MUNICIPAL DE PARANAÍBA-MS
A2: SECRETARIA MUNICIPAL DE OBRAS, HABITAÇÃO E URBANISMO
B5: VERIFICAÇÃO DO BDI - ACÓRDÃO 2.622/2013 Rev 02
B8: DADOS INICIAIS
B10: TIPO DE OBRA: | C10: Construção e Manutenção de Estações e Redes de Distribuição de Energia Elétrica
B12: ENQUADRAMENTO NA DESONERAÇÃO CONFORME LEI N° 12.844/2013:* | F12: NÃO | K12: =IF(F12="","PREENCHER SE A OBRA POSSUI FOLHA DE PAGAMENTO DESONERADA","")
B13: *Uso de encargos sociais desonerados na elaboração do orçamento
B15: ENQUADRAM-SE NO TIPO SELECIONADO:
B16: =IF(C10="","",VLOOKUP(BU299,BV261:BW266,2,0)) -> A construção de usinas, estações e subestações hidrelétricas, eólicas, nucleares, termoelétricas; a construção de redes de transmissão e distribuição de energia elétrica, inclusive o serviço de eletrificação rural. Esta subclasse compreende também: a construção de redes de eletrificação para ferrovias e metropolitano, conforme classificação 4221-9/02 do CNAE 2.0. Compreende ainda: a manutenção de redes de distribuição de energia elétrica, quando executada por empresa não-produtora ou distribuidora de energia elétrica, conforme classificação 4221-9/03 do CNAE 2.0. Enquadram-se também obras de iluminação pública e a construção de barragens e represas para geração de energia elétrica.
B18: CÁLCULO DOS IMPOSTOS
B20: TRIBUTOS (impostos COFINS 3%, e PIS 0,65%) | D20: 0.0365
B22: ISS BRUTO % (LEI MUNICIPAL): | D22: % INCIDÊNCIA (M.OBRA)*
B23: 0.05 | D23: 0.66
B25: ISS LÍQUIDO | C25: 0.05
D27: TOTAL IMPOSTOS | F27: =D20+C25 -> 0.0865
B29: *Incidência do total do contrato que representa mão de obra para compor a base de cálculo conf. legislação municipal.
B33: VERFICAÇÃO E CÁLCULO DO BDI
B35: ITEM COMPONENTE | C35: 1º QUARTIL | D35: MÉDIO | E35: 3º QUARTIL | F35: Adotado | I35: Cálculo arredondado
B36: Administração Central | C36: =BV300 -> 0.0529 | D36: =BW300 -> 0.0592 | E36: =BX300 -> 0.0793 | F36: 0.0529 | I36: =TRUNC(F36,4) -> 0.0529 | K36: =IF(F36<>"",IF(OR(F36>E36,F36<C36),"CORRIGIR % ADOTADO",""),"")
B37: Seguro e Garantia | C37: =BV301 -> 0.0025 | D37: =BW301 -> 0.0051 | E37: =BX301 -> 0.0056 | F37: 0.0025 | I37: =TRUNC(F37,4) -> 0.0025 | K37: =IF(F37<>"",IF(OR(F37>E37,F37<C37),"CORRIGIR % ADOTADO",""),"")
B38: Risco | C38: =BV302 -> 0.01 | D38: =BW302 -> 0.0148 | E38: =BX302 -> 0.0197 | F38: 0.01 | I38: =TRUNC(F38,4) -> 0.01 | K38: =IF(F38<>"",IF(OR(F38>E38,F38<C38),"CORRIGIR % ADOTADO",""),"")
B39: Despesas Financeiras | C39: =BV303 -> 0.0101 | D39: =BW303 -> 0.0107 | E39: =BX303 -> 0.0111 | F39: 0.0101 | I39: =TRUNC(F39,4) -> 0.0101 | K39: =IF(F39<>"",IF(OR(F39>E39,F39<C39),"CORRIGIR % ADOTADO",""),"")
B40: Lucro | C40: =BV304 -> 0.08 | D40: =BW304 -> 0.0831 | E40: =BX304 -> 0.0951 | F40: 0.08 | I40: =TRUNC(F40,4) -> 0.08 | K40: =IF(F40<>"",IF(OR(F40>E40,F40<C40),"CORRIGIR % ADOTADO",""),"")
B42: Impostos | F42: =F27 -> 0.0865 | I42: =TRUNC(F42,5) -> 0.0865
B49: BDI CALCULADO | E49: =ROUND((((1+I36+I37+I38)*(1+I39)*(1+I40))/(1-I42))-1,4) -> 0.2723 | K49: =IF(F12="SIM","PARA SIMPLES CONFERÊNCIA","")
B51: =IF(E49<C54,"ERRO - BDI INFERIOR AO 1º QUARTIL",IF(E49>E54,"ERRO - BDI SUPERIOR AO 3º QUARTIL","BDI CONFORME")) -> BDI CONFORME
C53: 1º QUARTIL | D53: MÉDIO | E53: 3º QUARTIL
B54: LIMITES DO BDI | C54: =BV299 -> 0.24 | D54: =BW299 -> 0.2584 | E54: =BX299 -> 0.2786
B56: CORREÇÃO DA DESONERAÇÃO
B58: BDI CALCULADO C/ DESONERAÇÃO: | E58: =ROUND((((1+I36+I37+I38)*(1+I39)*(1+I40))/(1-I60))-1,4) -> 0.3382 | K58: =IF(F12="SIM","UTILIZAR BDI C/ DESONERAÇÃO","")
B60: Contribuição Previdenciária sobre a Receita Bruta (CPRB) | C60: 0.045 | D60: TOTAL IMPOSTOS | F60: =+F27+C60 -> 0.1315 | I60: =TRUNC(F60,5) -> 0.1315
BT259: BANCO DE DADOS
BU260: TIPO DE OBRA | BV260: CÓDIGO | BW260: ENQUARAMENTO
BT261: 100 | BU261: Construção de edificios | BV261: =+BT261 -> 100 | BW261: A construção e reforma de: edifícios, unidades habitacionais, escolas, hospitais, hotéis, restaurantes, armazéns e depósitos, edifícios para uso agropecuário, estações para trens e metropolitanos, estádios esportivos e quadras cobertas, instalações para embarque e desembarque de passageiros (em aeroportos, rodoviárias, portos, etc.), penitenciárias e presídios, a construção de edifícios industriais (fábricas, oficinas, galpões industriais, etc.), conforme classificação 4120-4 do CNAE 2.0. Também enquadram-se pórticos, mirantes e outros edifícios de finalidade turística.
BT262: 200 | BU262: Construção de rodovias e ferrovias | BV262: =+BT262 -> 200 | BW262: A construção e recuperação de: auto-estradas, rodovias e outras vias não-urbanas para passagem de veículos, vias férreas de superfície ou subterrâneas (inclusive para metropolitanos), pistas de aeroportos. Esta classe compreende também: a pavimentação de auto-estradas, rodovias e outras vias não-urbanas; construção de pontes, viadutos e túneis; a instalação de barreiras acústicas; a construção de praças de pedágio; a sinalização com pintura em rodovias e aeroportos; a instalação de placas de sinalização de tráfego e semelhantes, conforme classificação 4211-1 do CNAE 2.0. Também enquadram-se a construção, pavimentação e sinalização de vias urbanas, ruas e locais para estacionamento de veículos; a construção de praças e calçadas para pedestres; elevados, passarelas e ciclovias; metrô e VLT.
BT263: 300 | BU263: Construção de Redes de Abastecimento de Água, Coleta de Esgoto e Construções Correlatas | BV263: =+BT263 -> 300 | BW263: A construção de sistemas para o abastecimento de água tratada: reservatórios de distribuição, estações elevatórias de bombeamento, linhas principais de adução de longa e média distância e redes de distribuição de água; a construção de redes de coleta de esgoto, inclusive de interceptores, estações de tratamento de esgoto (ETE), estações de bombeamento de esgoto (EBE); a construção de galerias pluviais (obras de micro e macro drenagem). Esta classe compreende também: as obras de irrigação (canais); a manutenção de redes de abastecimento de água tratada; a manutenção de redes de coleta e de sistemas de tratamento de esgoto, conforme classificação 4222-7 do CNAE 2.0. Enquadra-se ainda a construção de estações de tratamento de água (ETA).
BT264: 400 | BU264: Construção e Manutenção de Estações e Redes de Distribuição de Energia Elétrica | BV264: =+BT264 -> 400 | BW264: A construção de usinas, estações e subestações hidrelétricas, eólicas, nucleares, termoelétricas; a construção de redes de transmissão e distribuição de energia elétrica, inclusive o serviço de eletrificação rural. Esta subclasse compreende também: a construção de redes de eletrificação para ferrovias e metropolitano, conforme classificação 4221-9/02 do CNAE 2.0. Compreende ainda: a manutenção de redes de distribuição de energia elétrica, quando executada por empresa não-produtora ou distribuidora de energia elétrica, conforme classificação 4221-9/03 do CNAE 2.0. Enquadram-se também obras de iluminação pública e a construção de barragens e represas para geração de energia elétrica.
BT265: 500 | BU265: Portuárias, Marítimas e Fluviais | BV265: =+BT265 -> 500 | BW265: As obras marítimas e fluviais, tais como, construção de instalações portuárias; construção de portos e marinas; construção de eclusas e canais de navegação (vias navegáveis); enrocamentos; obras de dragagem; aterro hidráulico; barragens, represas e diques, exceto para energia elétrica; a construção de emissários submarinos; a instalação de cabos submarinos, conforme classificação 4291-0 do CNAE 2.0. Enquadram-se também a construção de piers e outras obras com influência direta de cursos d’água.
BT266: 600 | BU266: Fornecimento de Materiais e Equipamentos | BV266: =+BT266 -> 600 | BW266: O fornecimento de materiais e equipamentos relevantes de natureza específica, como é o caso de: materiais betuminosos para obras rodoviárias,tubos de ferro fundido ou PVC para obras de abastecimento de água,elevadores e escadas rolantes para obras aeroportuárias. Os materiais e equipamentos devem compor itens próprios na planilha orçamentária, apartados de sua instalação, assentamento ou produção, p. ex., conjunto motor-bomba, tubulação de ferro fundido e material betuminoso, respectivamente. A adoção de taxa de BDI reduzida somente se justifica no caso de ficarem satisfeitas cumulativamente as seguintes condições: fornecimento de materiais e equipamentos que possam ser contratados diretamente do fabricante ou de fornecedor com especialidade própria e diversa da contratada principal;que se constitua mera intermediação entre a construtora e o fabricante; que a intermediação para fornecimento de equipamentos seja atividade residual da construtora.
CF269: PIS | CG269: CONFINS | CH269: BASE DE CÁLCULO
CE270: LUCRO PRESUMIDO | CF270: 0.0065 | CG270: 0.03 | CH270: RECEITA BRUTA (VALOR DA NOTA) | CI270: =(#REF!+#REF!)+C25 -> #REF!
CF271: 0.0165 | CG271: 0.076 | CH271: VALOR DA NOTA - RECUPERAÇÃO DE CRÉDITO (AQUISIÇÃO DE INSUMOS) | CI271: =(#REF!+#REF!)*#REF!+C25 -> #REF!
CD275: =BT261 -> 100 | CE275: =BU261 -> Construção de edificios
CD276: =+CD275+1 -> 101 | CE276: Administração Central | CF276: 0.03 | CG276: 0.04 | CH276: 0.055
CD277: =+CD276+1 -> 102 | CE277: Seguro e Garantia | CF277: 0.008 | CG277: 0.008 | CH277: 0.01
CD278: =+CD277+1 -> 103 | CE278: Risco | CF278: 0.0097 | CG278: 0.0127 | CH278: 0.0127
CD279: =+CD278+1 -> 104 | CE279: Despesas Financeiras | CF279: 0.0059 | CG279: 0.0123 | CH279: 0.0139
CD280: =+CD279+1 -> 105 | CE280: Lucro | CF280: 0.0616 | CG280: 0.074 | CH280: 0.0896
CD283: =BT262 -> 200 | CE283: =BU262 -> Construção de rodovias e ferrovias
CD284: =+CD283+1 -> 201 | CE284: Administração Central | CF284: 0.038 | CG284: 0.0401 | CH284: 0.0467
CD285: =+CD284+1 -> 202 | CE285: Seguro e Garantia | CF285: 0.0032 | CG285: 0.004 | CH285: 0.0074
CD286: =+CD285+1 -> 203 | CE286: Risco | CF286: 0.005 | CG286: 0.0056 | CH286: 0.0097
CD287: =+CD286+1 -> 204 | CE287: Despesas Financeiras | CF287: 0.0102 | CG287: 0.0111 | CH287: 0.0121
CD288: =+CD287+1 -> 205 | CE288: Lucro | CF288: 0.0664 | CG288: 0.073 | CH288: 0.0869
CD291: =BT263 -> 300 | CE291: =BU263 -> Construção de Redes de Abastecimento de Água, Coleta de Esgoto e Construções Correlatas
CD292: =+CD291+1 -> 301 | CE292: Administração Central | CF292: 0.0343 | CG292: 0.0493 | CH292: 0.0671
CD293: =+CD292+1 -> 302 | CE293: Seguro e Garantia | CF293: 0.0028 | CG293: 0.0049 | CH293: 0.0075
CD294: =+CD293+1 -> 303 | CE294: Risco | CF294: 0.01 | CG294: 0.0139 | CH294: 0.0174
CD295: =+CD294+1 -> 304 | CE295: Despesas Financeiras | CF295: 0.0094 | CG295: 0.0099 | CH295: 0.0117
CD296: =+CD295+1 -> 305 | CE296: Lucro | CF296: 0.0674 | CG296: 0.0804 | CH296: 0.094
BU298: Código da pesquisa | BV298: 1º Quartil | BW298: Médio | BX298: 3º Quartil | CD298: =BT264 -> 400 | CE298: =BU264 -> Construção e Manutenção de Estações e Redes de Distribuição de Energia Elétrica
BT299: BDI | BU299: =VLOOKUP(C10,BU261:BV266,2,0) -> 400 | BV299: =VLOOKUP($BU299,$BT$310:$BX$315,3,0) -> 0.24 | BW299: =VLOOKUP($BU299,$BT$310:$BX$315,4,0) -> 0.2584 | BX299: =VLOOKUP($BU299,$BT$310:$BX$315,5,0) -> 0.2786 | CD299: =+CD298+1 -> 401 | CE299: Administração Central | CF299: 0.0529 | CG299: 0.0592 | CH299: 0.0793
BT300: Administração Central | BU300: =+BU299+1 -> 401 | BV300: =VLOOKUP($BU300,$CD$275:$CH$316,3,0) -> 0.0529 | BW300: =VLOOKUP($BU300,$CD$275:$CH$316,4,0) -> 0.0592 | BX300: =VLOOKUP($BU300,$CD$275:$CH$316,5,0) -> 0.0793 | CD300: =+CD299+1 -> 402 | CE300: Seguro e Garantia | CF300: 0.0025 | CG300: 0.0051 | CH300: 0.0056
BT301: Seguro e Garantia | BU301: =+BU300+1 -> 402 | BV301: =VLOOKUP($BU301,$CD$275:$CH$316,3,0) -> 0.0025 | BW301: =VLOOKUP($BU301,$CD$275:$CH$316,4,0) -> 0.0051 | BX301: =VLOOKUP($BU301,$CD$275:$CH$316,5,0) -> 0.0056 | CD301: =+CD300+1 -> 403 | CE301: Risco | CF301: 0.01 | CG301: 0.0148 | CH301: 0.0197
BT302: Risco | BU302: =+BU301+1 -> 403 | BV302: =VLOOKUP($BU302,$CD$275:$CH$316,3,0) -> 0.01 | BW302: =VLOOKUP($BU302,$CD$275:$CH$316,4,0) -> 0.0148 | BX302: =VLOOKUP($BU302,$CD$275:$CH$316,5,0) -> 0.0197 | CD302: =+CD301+1 -> 404 | CE302: Despesas Financeiras | CF302: 0.0101 | CG302: 0.0107 | CH302: 0.0111
BT303: Despesas Financeiras | BU303: =+BU302+1 -> 404 | BV303: =VLOOKUP($BU303,$CD$275:$CH$316,3,0) -> 0.0101 | BW303: =VLOOKUP($BU303,$CD$275:$CH$316,4,0) -> 0.0107 | BX303: =VLOOKUP($BU303,$CD$275:$CH$316,5,0) -> 0.0111 | CD303: =+CD302+1 -> 405 | CE303: Lucro | CF303: 0.08 | CG303: 0.0831 | CH303: 0.0951
BT304: Lucro | BU304: =+BU303+1 -> 405 | BV304: =VLOOKUP($BU304,$CD$275:$CH$316,3,0) -> 0.08 | BW304: =VLOOKUP($BU304,$CD$275:$CH$316,4,0) -> 0.0831 | BX304: =VLOOKUP($BU304,$CD$275:$CH$316,5,0) -> 0.0951 | CD304: =BT265 -> 500 | CE304: =BU265 -> Portuárias, Marítimas e Fluviais
CD305: =+CD304+1 -> 501 | CE305: Administração Central | CF305: 0.04 | CG305: 0.0552 | CH305: 0.0785
CD306: =+CD305+1 -> 502 | CE306: Seguro e Garantia | CF306: 0.0081 | CG306: 0.0122 | CH306: 0.0199
CD307: =+CD306+1 -> 503 | CE307: Risco | CF307: 0.0146 | CG307: 0.0232 | CH307: 0.0316
CD308: =+CD307+1 -> 504 | CE308: Despesas Financeiras | CF308: 0.0094 | CG308: 0.0102 | CH308: 0.0133
BV309: 1 Quartil | BW309: Médio | BX309: 3 Quartil | CD309: =+CD308+1 -> 505 | CE309: Lucro | CF309: 0.0714 | CG309: 0.084 | CH309: 0.1043
BT310: =BT261 -> 100 | BU310: =VLOOKUP(BT310,BT261:BU266,2,0) -> Construção de edificios | BV310: 0.2034 | BW310: 0.2212 | BX310: 0.25
BT311: 200 | BU311: =VLOOKUP(BT311,BT262:BU267,2,0) -> Construção de rodovias e ferrovias | BV311: 0.196 | BW311: 0.2097 | BX311: 0.2423 | CD311: =BT266 -> 600 | CE311: =BU266 -> Fornecimento de Materiais e Equipamentos
BT312: =BT263 -> 300 | BU312: =VLOOKUP(BT312,BT263:BU268,2,0) -> Construção de Redes de Abastecimento de Água, Coleta de Esgoto e Construções Correlatas | BV312: 0.2076 | BW312: 0.2418 | BX312: 0.2644 | CD312: =+CD311+1 -> 601 | CE312: Administração Central | CF312: 0.015 | CG312: 0.0345 | CH312: 0.0449
BT313: 400 | BU313: =VLOOKUP(BT313,BT264:BU269,2,0) -> Construção e Manutenção de Estações e Redes de Distribuição de Energia Elétrica | BV313: 0.24 | BW313: 0.2584 | BX313: 0.2786 | CD313: =+CD312+1 -> 602 | CE313: Seguro e Garantia | CF313: 0.003 | CG313: 0.0048 | CH313: 0.0082
BT314: 500 | BU314: =VLOOKUP(BT314,BT265:BU270,2,0) -> Portuárias, Marítimas e Fluviais | BV314: 0.228 | BW314: 0.2748 | BX314: 0.3095 | CD314: =+CD313+1 -> 603 | CE314: Risco | CF314: 0.0056 | CG314: 0.0085 | CH314: 0.0089
BT315: 600 | BU315: =VLOOKUP(BT315,BT266:BU271,2,0) -> Fornecimento de Materiais e Equipamentos | BV315: 0.111 | BW315: 0.1402 | BX315: 0.168 | CD315: =+CD314+1 -> 604 | CE315: Despesas Financeiras | CF315: 0.0085 | CG315: 0.0085 | CH315: 0.0111
CD316: =+CD315+1 -> 605 | CE316: Lucro | CF316: 0.035 | CG316: 0.0511 | CH316: 0.0622

Sheet CFF
B2: PREFEITURA MUNICIPAL DE PARANAÍBA-MS
B3: Avenida Juca Pinhé, 333, Jardim Santa Mônica
B4: SECRETARIA DE URBANISMO, HABITAÇÃO
B5: E INFRAESTRUTURA
A7: Empreendimento: MODERNIZAÇÃO DO SISTEMA DE ILUMINAÇÃO DE DIVERSAS AVENIDAS
A8: Endereço: DIVERSAS AVENIDAS MUNICÍPIO DE PARANAÍBA
A9: se
A10: CRONOGRAMA FÍSICO-FINANCEIRO
A11: Item | B11: ITEM/SERVIÇO | C11: PERÍODO
C12: MÊS 01 | E12: MÊS 02 | G12: MÊS 03 | I12: TOTAL
A13: 1 | B13: =AVENIDAS!C18 -> MODERNIZAÇÃO ILUMINAÇÃO CANTEIRO CENTRAL AVENIDA ARISTIDES KLAFKE | C13: =AVENIDAS!H56 -> 263300.16 | I13: =SUM(C13:H13) -> 263300.16
A14: 2 | B14: =AVENIDAS!C60 -> MODERNIZAÇÃO ILUMINAÇÃO CANTEIRO CENTRAL AVENIDA VICENTE PERALTA | C14: =AVENIDAS!H98 -> 252142.76 | I14: =SUM(C14:H14) -> 252142.76
A15: 3 | B15: =AVENIDAS!C102 -> MODERNIZAÇÃO ILUMINAÇÃO CANTEIRO CENTRAL AVENIDA FILINTO MULLER | E15: =AVENIDAS!H140 -> 232754.76 | I15: =SUM(C15:H15) -> 232754.76
A16: 4 | B16: =AVENIDAS!C144 -> MODERNIZAÇÃO ILUMINAÇÃO CANTEIRO CENTRAL AVENIDA AV. DOS EXPEDICIONÁRIOS | E16: =AVENIDAS!H182 -> 232554.79 | I16: =SUM(C16:H16) -> 232554.79
A17: 5 | B17: =AVENIDAS!C186 -> MODERNIZAÇÃO ILUMINAÇÃO CANTEIRO CENTRAL AVENIDA RIO DE JANEIRO | G17: =AVENIDAS!H224 -> 300517.27 | I17: =SUM(C17:H17) -> 300517.27
A18: 6 | B18: =AVENIDAS!C226 -> ADMINSTRAÇÃO LOCAL | C18: =AVENIDAS!H228+(AVENIDAS!H227/3) -> 3681.49 | E18: =AVENIDAS!H227/3 -> 1455 | G18: =AVENIDAS!H227/3 -> 1455 | I18: =SUM(C18:H18) -> 6591.49
A19: TOTAL | C19: =SUM(C13:C18) -> 519124.41 | E19: =SUM(E13:E18) -> 466764.55 | G19: =SUM(G13:G18) -> 301972.27 | I19: =SUM(I13:I18) -> 1287861.2
B20: Evolução Física - Período (%) | C20: =2/5 -> 0.4 | E20: =2/5 -> 0.4 | G20: =1/5 -> 0.2
B21: Evolução Física - Acumulado (%) | C21: =C20 -> 0.4 | E21: =E20+C21 -> 0.8 | G21: =G20+E21 -> 1
B22: Evolução Financeira - Período (R$) | C22: =C19/I19 -> 0.40309033 | E22: =E19/I19 -> 0.36243389 | G22: =G19/I19 -> 0.23447578
B23: Evolução Financeira - Acumulado (R$) | C23: =C22 -> 0.40309033 | E23: =E22+C23 -> 0.76552422 | G23: =G22+E23 -> 1
A27: Paranaíba - MS, 16 de junho de 2026
B30: VINÍCIUS ALMEIDA MURTA
B31: ENGENHEIRO ELÉTRICO CREA-MG 179637/D VISTO - MS 34271

Sheet ISD
A1: SINAPI - Sistema Nacional de Pesquisa de Custos e Índices da Construção Civil
A2: RELATÓRIO DE PREÇOS DE INSUMOS - ENCARGOS SOCIAIS SEM DESONERAÇÃO
A3: Mês de Referência: | B3: 04/2026 | E3: Encargos sociais sobre a mão de obra:
A4: Data de emissão: | B4: 12/05/2026 | E4: (SEM DESONERAÇÃO) | F4: MS
E5: Localidade | F5: CAMPO GRANDE
A6: Origem de preço: | B6: C = COLETADO | C6: CR = COEFICIENTE DE REPRESENTATIVIDADE | E6: Horista | F6: 1.1571
A7: Preço em branco para determinado estado significa que não houve coleta mínima de preços no mês de referência | E7: Mensalista | F7: 0.7157
A9: Acessar Fichas de Especificação Técnico dos Insumos | E9: Preços Medianos (R$):
A10: Classificação | B10: Código do Insumo | C10: Descrição do Insumo | D10: Unidade | E10: Origem de Preço | F10: MS
A11: SERVIÇOS | B11: 45333 | C11: ABERTURA PARA ENCAIXE DE CUBA OU LAVATORIO EM BANCADA DE MARMORE/ GRANITO OU OUTRO TIPO DE PEDRA NATURAL | D11: UN | E11: CR | F11: 190.13
A12: MATERIAL | B12: 11270 | C12: ABRACADEIRA DE LATAO PARA FIXACAO DE CABO PARA-RAIO, DIMENSOES 32 X 24 X 24 MM | D12: UN | E12: CR | F12: 2.91
A13: MATERIAL | B13: 412 | C13: ABRACADEIRA DE NYLON PARA AMARRACAO DE CABOS, COMPRIMENTO DE *230* X *7,6* MM | D13: UN | E13: CR | F13: 1.54
A14: MATERIAL | B14: 414 | C14: ABRACADEIRA DE NYLON PARA AMARRACAO DE CABOS, COMPRIMENTO DE 100 X 2,5 MM | D14: UN | E14: CR | F14: 0.09
A15: MATERIAL | B15: 410 | C15: ABRACADEIRA DE NYLON PARA AMARRACAO DE CABOS, COMPRIMENTO DE 150 X *3,6* MM | D15: UN | E15: CR | F15: 0.23
A16: MATERIAL | B16: 411 | C16: ABRACADEIRA DE NYLON PARA AMARRACAO DE CABOS, COMPRIMENTO DE 200 X *4,6* MM | D16: UN | E16: C | F16: 0.3
A17: MATERIAL | B17: 408 | C17: ABRACADEIRA DE NYLON PARA AMARRACAO DE CABOS, COMPRIMENTO DE 390 X *4,6* MM | D17: UN | E17: CR | F17: 1.48
A18: MATERIAL | B18: 39131 | C18: ABRACADEIRA EM ACO PARA AMARRACAO DE ELETRODUTOS, TIPO D, COM 1 1/2" E CUNHA DE FIXACAO | D18: UN | E18: CR | F18: 6.63
A19: MATERIAL | B19: 394 | C19: ABRACADEIRA EM ACO PARA AMARRACAO DE ELETRODUTOS, TIPO D, COM 1 1/2" E PARAFUSO DE FIXACAO | D19: UN | E19: CR | F19: 6.72
A20: MATERIAL | B20: 39130 | C20: ABRACADEIRA EM ACO PARA AMARRACAO DE ELETRODUTOS, TIPO D, COM 1 1/4" E CUNHA DE FIXACAO | D20: UN | E20: CR | F20: 6.05
A21: MATERIAL | B21: 395 | C21: ABRACADEIRA EM ACO PARA AMARRACAO DE ELETRODUTOS, TIPO D, COM 1 1/4" E PARAFUSO DE FIXACAO | D21: UN | E21: CR | F21: 6.47
A22: MATERIAL | B22: 39129 | C22: ABRACADEIRA EM ACO PARA AMARRACAO DE ELETRODUTOS, TIPO D, COM 1" E CUNHA DE FIXACAO | D22: UN | E22: CR | F22: 3.73
... A54: MATERIAL | B54: 36246 | C54: ACABAMENTO SIMPLES/CONVENCIONAL PARA FORRO PVC, TIPO "U" OU "C", COR BRANCA, COMPRIMENTO 6 M | D54: M | E54: CR | F54: 5.24
A55: MATERIAL | B55: 37600 | C55: ACESSORIO DE LIGACAO NAO ELETRICO PARA CARGAS EXPLOSIVAS, TUBO DE 6 M | D55: UN | E55: CR
A56: MATERIAL | B56: 37599 | C56: ACESSORIO INICIADOR NAO ELETRICO, TUBO DE 6 M, TEMPO DE RETARDO DE *160* MS | D56: UN | E56: CR
A57: MATERIAL | B57: 1 | C57: ACETILENO - RECARGA DE GAS PARA CILINDRO (NAO INCLUI TROCA/MANUTENCAO DO CILINDRO) | D57: KG | E57: C | F57: 111
A58: MATERIAL | B58: 3 | C58: ACIDO CLORIDRICO / ACIDO MURIATICO, DILUICAO 10% A 12% PARA USO EM LIMPEZA | D58: L | E58: CR | F58: 13.88
A59: MATERIAL | B59: 43054 | C59: ACO CA-25, 10,0 MM, OU 12,5 MM, OU 16,0 MM, OU 20,0 MM, OU 25,0 MM, VERGALHAO | D59: KG | E59: CR | F59: 8.33
A60: MATERIAL | B60: 42402 | C60: ACO CA-25, 16,0 MM, BARRA DE TRANSFERENCIA | D60: KG | E60: CR | F60: 7.96
A61: MATERIAL | B61: 42403 | C61: ACO CA-25, 20,0 MM, BARRA DE TRANSFERENCIA | D61: KG | E61: CR | F61: 10.22
A62: MATERIAL | B62: 42404 | C62: ACO CA-25, 25,0 MM, BARRA DE TRANSFERENCIA | D62: KG | E62: CR | F62: 10.16
A63: MATERIAL | B63: 42405 | C63: ACO CA-25, 32,0 MM, BARRA DE TRANSFERENCIA | D63: KG | E63: CR | F63: 10.82
A64: MATERIAL | B64: 34341 | C64: ACO CA-25, 32,0 MM, VERGALHAO | D64: KG | E64: CR | F64: 9.39
A65: MATERIAL | B65: 43053 | C65: ACO CA-25, 6,3 MM OU 8,0 MM, VERGALHAO | D65: KG | E65: CR | F65: 7.44
A66: MATERIAL | B66: 43058 | C66: ACO CA-50, 10,0 MM, OU 12,5 MM, OU 16,0 MM, OU 20,0 MM, DOBRADO E CORTADO | D66: KG | E66: CR | F66: 7.72
A67: MATERIAL | B67: 34 | C67: ACO CA-50, 10,0 MM, VERGALHAO | D67: KG | E67: CR | F67: 7.76
A68: MATERIAL | B68: 43055 | C68: ACO CA-50, 12,5 MM OU 16,0 MM, VERGALHAO | D68: KG | E68: C | F68: 6.72
... A77: MATERIAL | B77: 43060 | C77: ACO CA-60, 8,0 MM OU 9,5 MM, VERGALHAO | D77: KG | E77: CR | F77: 6.39
A78: MATERIAL | B78: 40410 | C78: ACOPLAMENTO RIGIDO EM FERRO FUNDIDO PARA SISTEMA DE TUBULACAO RANHURADA, DN 50 MM (2") | D78: UN | E78: C
A79: MATERIAL | B79: 40411 | C79: ACOPLAMENTO RIGIDO EM FERRO FUNDIDO PARA SISTEMA DE TUBULACAO RANHURADA, DN 65 MM (2 1/2") | D79: UN | E79: CR
A80: MATERIAL | B80: 40412 | C80: ACOPLAMENTO RIGIDO EM FERRO FUNDIDO PARA SISTEMA DE TUBULACAO RANHURADA, DN 80 MM (3") | D80: UN | E80: CR
A81: MATERIAL | B81: 44254 | C81: ADAPTADOR CPVC, ROSCAVEL, COM FLANGES E ANEL DE VEDACAO, 15 MM, CAIXA D'AGUA PARA AGUA QUENTE | D81: UN | E81: CR | F81: 32.53
A82: MATERIAL | B82: 44255 | C82: ADAPTADOR CPVC, ROSCAVEL, COM FLANGES E ANEL DE VEDACAO, 22 MM, CAIXA D'AGUA PARA AGUA QUENTE | D82: UN | E82: CR | F82: 36.05
A83: MATERIAL | B83: 44256 | C83: ADAPTADOR CPVC, ROSCAVEL, COM FLANGES E ANEL DE VEDACAO, 28 MM, CAIXA D'AGUA PARA AGUA QUENTE | D83: UN | E83: CR | F83: 40.72
A84: MATERIAL | B84: 44257 | C84: ADAPTADOR CPVC, ROSCAVEL, COM FLANGES E ANEL DE VEDACAO, 35 MM, CAIXA D'AGUA PARA AGUA QUENTE | D84: UN | E84: CR | F84: 64.42
A85: MATERIAL | B85: 44258 | C85: ADAPTADOR CPVC, ROSCAVEL, COM FLANGES E ANEL DE VEDACAO, 42 MM, CAIXA D'AGUA PARA AGUA QUENTE | D85: UN | E85: CR | F85: 73.63
A86: MATERIAL | B86: 44259 | C86: ADAPTADOR CPVC, ROSCAVEL, COM FLANGES E ANEL DE VEDACAO, 54 MM, CAIXA D'AGUA PARA AGUA QUENTE | D86: UN | E86: CR | F86: 101.06
A87: MATERIAL | B87: 37997 | C87: ADAPTADOR CPVC, SOLDAVEL, 15 MM, PARA AGUA QUENTE | D87: UN | E87: CR | F87: 19.38
A88: MATERIAL | B88: 37998 | C88: ADAPTADOR CPVC, SOLDAVEL, 22 MM, PARA AGUA QUENTE | D88: UN | E88: CR | F88: 25.94
A89: MATERIAL | B89: 55 | C89: ADAPTADOR DE COMPRESSAO EM POLIPROPILENO (PP), PARA TUBO EM PEAD, 20 MM X 1/2", PARA LIGACAO PREDIAL DE AGUA (NTS 179) | D89: UN | E89: C
A90: MATERIAL | B90: 61 | C90: ADAPTADOR DE COMPRESSAO EM POLIPROPILENO (PP), PARA TUBO EM PEAD, 20 MM X 3/4", PARA LIGACAO PREDIAL DE AGUA (NTS 179) | D90: UN | E90: CR
A91: MATERIAL | B91: 62 | C91: ADAPTADOR DE COMPRESSAO EM POLIPROPILENO (PP), PARA TUBO EM PEAD, 32 MM X 1", PARA LIGACAO PREDIAL DE AGUA (NTS 179) | D91: UN | E91: CR
A92: MATERIAL | B92: 10899 | C92: ADAPTADOR EM LATAO, ENGATE RAPIDO 2 1/2" X ROSCA INTERNA 5 FIOS 2 1/2", PARA INSTALACAO PREDIAL DE COMBATE A INCENDIO | D92: UN | E92: CR | F92: 78.85
A93: MATERIAL | B93: 10900 | C93: ADAPTADOR EM LATAO, ENGATE RAPIDO1 1/2" X ROSCA INTERNA 5 FIOS 2 1/2", PARA INSTALACAO PREDIAL DE COMBATE A INCENDIO | D93: UN | E93: CR | F93: 61.71
A94: MATERIAL | B94: 47 | C94: ADAPTADOR PVC PBA, BOLSA/ROSCA, JE, DN 100 / DE 110 MM | D94: UN | E94: CR | F94: 65.55
A95: MATERIAL | B95: 48 | C95: ADAPTADOR PVC PBA, BOLSA/ROSCA, JE, DN 50 / DE 60 MM | D95: UN | E95: CR | F95: 17.1
A96: MATERIAL | B96: 46 | C96: ADAPTADOR PVC PBA, BOLSA/ROSCA, JE, DN 75 / DE 85 MM | D96: UN | E96: CR | F96: 38.34
A97: MATERIAL | B97: 52 | C97: ADAPTADOR PVC PBA, PONTA/ROSCA, JE, DN 50 / DE 60 MM | D97: UN | E97: CR | F97: 12.99
A98: MATERIAL | B98: 43 | C98: ADAPTADOR PVC PBA, PONTA/ROSCA, JE, DN 75 / DE 85 MM | D98: UN | E98: CR | F98: 43.84
A99: MATERIAL | B99: 103 | C99: ADAPTADOR PVC SOLDAVEL CURTO COM BOLSA E ROSCA, 110 MM X 4", PARA AGUA FRIA | D99: UN | E99: CR | F99: 45.1
A100: MATERIAL | B100: 107 | C100: ADAPTADOR PVC SOLDAVEL CURTO COM BOLSA E ROSCA, 20 MM X 1/2", PARA AGUA FRIA | D100: UN | E100: CR | F100: 0.85
A101: MATERIAL | B101: 65 | C101: ADAPTADOR PVC SOLDAVEL CURTO COM BOLSA E ROSCA, 25 MM X 3/4", PARA AGUA FRIA | D101: UN | E101: CR | F101: 0.93
A102: MATERIAL | B102: 108 | C102: ADAPTADOR PVC SOLDAVEL CURTO COM BOLSA E ROSCA, 32 MM X 1", PARA AGUA FRIA | D102: UN | E102: CR | F102: 1.87
A103: MATERIAL | B103: 110 | C103: ADAPTADOR PVC SOLDAVEL CURTO COM BOLSA E ROSCA, 40 MM X 1 1/2", PARA AGUA FRIA | D103: UN | E103: CR | F103: 6.49
... A114: MATERIAL | B114: 99 | C114: ADAPTADOR PVC SOLDAVEL, COM FLANGE E ANEL DE VEDACAO, 50 MM X 1 1/2", PARA CAIXA D'AGUA | D114: UN | E114: CR | F114: 27.34
A115: MATERIAL | B115: 60 | C115: ADAPTADOR PVC, COM REGISTRO, PARA PEAD, 20 MM X 3/4", PARA LIGACAO PREDIAL DE AGUA | D115: UN | E115: CR
A116: MATERIAL | B116: 72 | C116: ADAPTADOR PVC, ROSCAVEL, COM FLANGES E ANEL DE VEDACAO, 1 1/2", PARA CAIXA D'AGUA | D116: UN | E116: CR | F116: 52.44
A117: MATERIAL | B117: 71 | C117: ADAPTADOR PVC, ROSCAVEL, COM FLANGES E ANEL DE VEDACAO, 1", PARA CAIXA D'AGUA | D117: UN | E117: CR | F117: 32.38
A118: MATERIAL | B118: 67 | C118: ADAPTADOR PVC, ROSCAVEL, COM FLANGES E ANEL DE VEDACAO, 1/2", PARA CAIXA D'AGUA | D118: UN | E118: CR | F118: 16.95
A119: MATERIAL | B119: 73 | C119: ADAPTADOR PVC, ROSCAVEL, COM FLANGES E ANEL DE VEDACAO, 3/4", PARA CAIXA D'AGUA | D119: UN | E119: CR | F119: 16.22
A120: MATERIAL | B120: 100 | C120: ADAPTADOR PVC, SOLDAVEL, COM FLANGES E ANEL DE VEDACAO, 60 MM X 2", PARA CAIXA D'AGUA | D120: UN | E120: CR | F120: 47.77
A121: MATERIAL | B121: 75 | C121: ADAPTADOR PVC, SOLDAVEL, COM FLANGES LIVRES, 110 MM X 4", PARA CAIXA D'AGUA | D121: UN | E121: CR | F121: 278.51
A122: MATERIAL | B122: 83 | C122: ADAPTADOR PVC, SOLDAVEL, COM FLANGES LIVRES, 75 MM X 2 1/2", PARA CAIXA D'AGUA | D122: UN | E122: CR | F122: 222.66
A123: MATERIAL | B123: 74 | C123: ADAPTADOR PVC, SOLDAVEL, COM FLANGES LIVRES, 85 MM X 3", PARA CAIXA D'AGUA | D123: UN | E123: CR | F123: 318.34
A124: MATERIAL | B124: 106 | C124: ADAPTADOR PVC, SOLDAVEL, LONGO, COM FLANGE LIVRE, 110 MM X 4", PARA CAIXA D'AGUA | D124: UN | E124: CR | F124: 402.55
A125: MATERIAL | B125: 88 | C125: ADAPTADOR PVC, SOLDAVEL, LONGO, COM FLANGE LIVRE, 32 MM X 1", PARA CAIXA D'AGUA | D125: UN | E125: CR | F125: 11.31
A126: MATERIAL | B126: 82 | C126: ADAPTADOR PVC, SOLDAVEL, LONGO, COM FLANGE LIVRE, 75 MM X 2 1/2", PARA CAIXA D'AGUA | D126: UN | E126: CR | F126: 211.84
A127: MATERIAL | B127: 105 | C127: ADAPTADOR PVC, SOLDAVEL, LONGO, COM FLANGE LIVRE, 85 MM X 3", PARA CAIXA D'AGUA | D127: UN | E127: CR | F127: 300.18
... A138: MATERIAL | B138: 124 | C138: ADITIVO ACELERADOR DE PEGA E ENDURECIMENTO PARA ARGAMASSAS E CONCRETOS, LIQUIDO E ISENTO DE CLORETOS | D138: L | E138: CR | F138: 18.45
A139: MATERIAL | B139: 7334 | C139: ADITIVO ADESIVO LIQUIDO PARA ARGAMASSAS DE REVESTIMENTOS CIMENTICIOS | D139: L | E139: CR
A140: MATERIAL | B140: 45146 | C140: ADITIVO IMPERMEABILIZANTE CRISTALIZANTE PARA CONCRETO | D140: KG | E140: CR | F140: 35.38
A141: MATERIAL | B141: 123 | C141: ADITIVO IMPERMEABILIZANTE DE PEGA NORMAL PARA ARGAMASSAS E CONCRETOS SEM ARMACAO, LIQUIDO E ISENTO DE CLORETOS | D141: L | E141: C | F141: 7.55
A142: MATERIAL | B142: 127 | C142: ADITIVO IMPERMEABILIZANTE DE PEGA ULTRARRAPIDA, LIQUIDO E ISENTO DE CLORETOS | D142: L | E142: CR | F142: 18.02
A143: MATERIAL | B143: 133 | C143: ADITIVO LIQUIDO INCORPORADOR DE AR PARA CONCRETO E ARGAMASSA, LIQUIDO E ISENTO DE CLORETOS | D143: L | E143: CR | F143: 7.48
A144: MATERIAL | B144: 43617 | C144: ADITIVO PLASTIFICANTE E ESTABILIZADOR PARA ARGAMASSAS DE ASSENTAMENTO E REBOCO, LIQUIDO E ISENTO DE CLORETOS | D144: L | E144: CR | F144: 8.36
A145: MATERIAL | B145: 132 | C145: ADITIVO PLASTIFICANTE RETARDADOR DE PEGA E REDUTOR DE AGUA PARA CONCRETO, LIQUIDO E ISENTO DE CLORETOS | D145: L | E145: CR | F145: 7.76
A146: MATERIAL | B146: 43618 | C146: ADITIVO SUPERPLASTIFICANTE DE PEGA NORMAL PARA CONCRETO, LIQUIDO E ISENTO DE CLORETOS | D146: KG | E146: CR | F146: 19.54
A147: MATERIAL | B147: 37476 | C147: ADUELA/ GALERIA PRE-MOLDADA DE CONCRETO ARMADO, SECAO QUADRADA INTERNA DE 1,50 X 1,50 M (L X A), MISULA DE 20 X 20 CM, C = 1,00 M, ESPESSURA MIN = 15 CM, TB-45 E FCK DO CONCRETO = 30 MPA | D147: UN | E147: CR | F147: 3976.63
A148: MATERIAL | B148: 37478 | C148: ADUELA/ GALERIA PRE-MOLDADA DE CONCRETO ARMADO, SECAO RETANGULAR INTERNA DE 2,00 X 2,00 M (L X A), MISULA DE 20 X 20 CM, C = 1,00 M, ESPESSURA MIN = 15 CM, TB-45 E FCK DO CONCRETO = 30 MPA | D148: UN | E148: CR | F148: 4980.84
A149: MATERIAL | B149: 37477 | C149: ADUELA/ GALERIA PRE-MOLDADA DE CONCRETO ARMADO, SECAO RETANGULAR INTERNA DE 2,50 X 2,50 M (L X A), MISULA DE 20 X 20 CM, C = 1,00 M, ESPESSURA MIN = 15 CM, TB-45 E FCK DO CONCRETO = 30 MPA | D149: UN | E149: CR | F149: 6748.23
A150: MATERIAL | B150: 37479 | C150: ADUELA/ GALERIA PRE-MOLDADA DE CONCRETO ARMADO, SECAO RETANGULAR INTERNA DE 3,00 X 3,00 M (L X A), MISULA DE 20 X 20 CM, C = 1.00 M, ESPESSURA MIN = 20 CM, TB-45 E FCK DO CONCRETO = 30 MPA | D150: UN | E150: CR | F150: 8003.48
A151: MATERIAL | B151: 4319 | C151: AFASTADOR PARA TELHA DE FIBROCIMENTO CANALETE 90 OU KALHETAO | D151: UN | E151: CR | F151: 1.2
A152: MATERIAL | B152: 42409 | C152: AGENTE DE CURA, PROTETOR DA EVAPORACAO DA AGUA DE HIDRATACAO DO CONCRETO | D152: KG | E152: CR | F152: 12.3
A153: MATERIAL | B153: 40553 | C153: AGREGADO RECICLADO, TIPO RACHAO RECICLADO CINZA, CLASSE A | D153: M3 | E153: C
A154: MAO DE OBRA | B154: 6114 | C154: AJUDANTE DE ARMADOR (HORISTA) | D154: H | E154: CR | F154: 16.5
A155: MAO DE OBRA | B155: 40912 | C155: AJUDANTE DE ARMADOR (MENSALISTA) | D155: MES | E155: CR | F155: 2888.92
A156: MAO DE OBRA | B156: 247 | C156: AJUDANTE DE ELETRICISTA (HORISTA) | D156: H | E156: CR | F156: 16.5
A157: MAO DE OBRA | B157: 40919 | C157: AJUDANTE DE ELETRICISTA (MENSALISTA) | D157: MES | E157: CR | F157: 2888.92
A158: MAO DE OBRA | B158: 44499 | C158: AJUDANTE DE ESTRUTURAS METALICAS (HORISTA) | D158: H | E158: CR | F158: 16.5
A159: MAO DE OBRA | B159: 40984 | C159: AJUDANTE DE ESTRUTURAS METALICAS (MENSALISTA) | D159: MES | E159: CR | F159: 2888.92
A160: MAO DE OBRA | B160: 248 | C160: AJUDANTE DE OPERACAO EM GERAL (HORISTA) | D160: H | E160: CR | F160: 17.01
...

Sheet CSD
A1: SINAPI - Sistema Nacional de Pesquisa de Custos e Índices da Construção Civil
A2: RELATÓRIO DE CUSTOS DE COMPOSIÇÕES - ENCARGOS SOCIAIS SEM DESONERAÇÃO
A3: Mês de Referência: | B3: 04/2026 | D3: Encargos sociais sobre a mão de obra:
A4: Data de emissão: | B4: 12/05/2026 | D4: (SEM DESONERAÇÃO) | E4: MS
D5: Localidade | E5: CAMPO GRANDE
A6: Observação: | B6: %AS (porcentagem Atribuído São Paulo) corresponde a porcentagem do custo total da | D6: Horista | E6: 1.1571
B7: composição que foi obtida utilizando preços de insumos de São Paulo por indisponibilidade | D7: Mensalista | E7: 0.7157
B8: dos preços de insumos necessários à composição no estado em questão. Custo zerado (hífen)
B9: indica que pelo menos um dos itens da composição não tem custo/preço. | E9: MS
A10: Grupo | B10: Código da Composição | C10: Descrição | D10: Unidade | E10: Custo (R$) | F10: %AS
A11: Acessibilidade | B11: 104658 | C11: PISO PODOTÁTIL DE ALERTA OU DIRECIONAL, DE CONCRETO, ASSENTADO SOBRE ARGAMASSA. AF_03/2024 | D11: M2 | E11: 176.91 | F11: 0
A12: Acessibilidade | B12: 105002 | C12: RAMPA DE ACESSIBILIDADE EM CONCRETO MOLDADO IN LOCO, EM CALÇADA NOVA COM LARGURA MAIOR OU IGUAL À 3,00 M, FCK 25MPA, COM PISO PODOTÁTIL. AF_03/2024 | D12: UN | E12: 737.89 | F12: 0
A13: Acessibilidade | B13: 105004 | C13: RAMPA DE ACESSIBILIDADE EM CONCRETO MOLDADO IN LOCO, EM CALÇADA NOVA COM LARGURA MENOR À 3,00 M, FCK 25MPA, COM PISO PODOTÁTIL. AF_03/2024 | D13: M2 | E13: 126.14 | F13: 0
A14: Acessibilidade | B14: 105003 | C14: RAMPA DE ACESSIBILIDADE EM CONCRETO MOLDADO IN LOCO, EM CALÇADA PRÉ EXISTENTE COM LARGURA MAIOR OU IGUAL À 3,00 M, FCK 25MPA, COM PISO PODOTÁTIL. AF_03/2024 | D14: UN | E14: 1186.9 | F14: 0.0534
A15: Acessibilidade | B15: 105005 | C15: RAMPA DE ACESSIBILIDADE EM CONCRETO MOLDADO IN LOCO, EM CALÇADA PRÉ EXISTENTE COM LARGURA MENOR À 3,00 M, FCK 25MPA, COM PISO PODOTÁTIL. AF_03/2024 | D15: M2 | E15: 209.27 | F15: 0.0561
A16: Acessibilidade | B16: 105006 | C16: RAMPA DE ACESSIBILIDADE EM CONCRETO PRÉ MOLDADO, EM CALÇADA NOVA COM LARGURA MAIOR OU IGUAL À 3,00 M, FCK 25MPA, COM PISO PODOTÁTIL. AF_03/2024 | D16: UN | E16: 0
A17: Acessibilidade | B17: 104999 | C17: RAMPA DE ACESSIBILIDADE EM CONCRETO PRÉ MOLDADO, EM CALÇADA PRÉ EXISTENTE COM LARGURA MAIOR OU IGUAL À 3,00 M, FCK 25MPA, COM PISO PODOTÁTIL. AF_03/2024 | D17: UN | E17: 0
A18: Acessibilidade | B18: 105000 | C18: RAMPA DE ACESSIBILIDADE PARA ACESSO A EDIFICAÇÕES COM INCLINAÇÃO DE 8,33% EM CONCRETO MOLDADO IN LOCO, COM LARGURA DE 1,20M, FCK 25MPA, NÃO ARMADA, COM JUNTA A CADA 2M COM CORTE À SECO. AF_03/2024 | D18: M | E18: 1216.67 | F18: 0.5195
A19: Acessibilidade | B19: 105001 | C19: RAMPA DE ACESSIBILIDADE PARA ACESSO A EDIFICAÇÕES COM INCLINAÇÃO DE 8,33% EM CONCRETO MOLDADO IN LOCO, COM LARGURA DE 1,50M, FCK 25MPA, NÃO ARMADA, COM JUNTA A CADA 2M COM CORTE À SECO. AF_03/2024 | D19: M | E19: 1252.22 | F19: 0.5048
A20: Alvenaria Estrutural - Blocos Cerâmicos | B20: 89306 | C20: ALVENARIA ESTRUTURAL DE BLOCOS CERÂMICOS 14X19X29, (ESPESSURA DE 14 CM), UTILIZANDO COLHER DE PEDREIRO E ARGAMASSA DE ASSENTAMENTO COM PREPARO EM BETONEIRA. AF_03/2023 | D20: M2 | E20: 102.54 | F20: 0
A21: Alvenaria Estrutural - Blocos Cerâmicos | B21: 89307 | C21: ALVENARIA ESTRUTURAL DE BLOCOS CERÂMICOS 14X19X29, (ESPESSURA DE 14 CM), UTILIZANDO COLHER DE PEDREIRO E ARGAMASSA DE ASSENTAMENTO COM PREPARO MANUAL. AF_03/2023 | D21: M2 | E21: 104.67 | F21: 0
A22: Alvenaria Estrutural - Blocos Cerâmicos | B22: 89290 | C22: ALVENARIA ESTRUTURAL DE BLOCOS CERÂMICOS 14X19X29, (ESPESSURA DE 14 CM), UTILIZANDO PALHETA E ARGAMASSA DE ASSENTAMENTO COM PREPARO EM BETONEIRA. AF_03/2023 | D22: M2 | E22: 85.95 | F22: 0
A23: Alvenaria Estrutural - Blocos Cerâmicos | B23: 89291 | C23: ALVENARIA ESTRUTURAL DE BLOCOS CERÂMICOS 14X19X29, (ESPESSURA DE 14 CM), UTILIZANDO PALHETA E ARGAMASSA DE ASSENTAMENTO COM PREPARO MANUAL. AF_03/2023 | D23: M2 | E23: 87.54 | F23: 0
A24: Alvenaria Estrutural - Blocos Cerâmicos | B24: 89298 | C24: ALVENARIA ESTRUTURAL DE BLOCOS CERÂMICOS 14X19X39, (ESPESSURA DE 14 CM), UTILIZANDO COLHER DE PEDREIRO E ARGAMASSA DE ASSENTAMENTO COM PREPARO EM BETONEIRA. AF_03/2023 | D24: M2 | E24: 89.69 | F24: 0
A25: Alvenaria Estrutural - Blocos Cerâmicos | B25: 89299 | C25: ALVENARIA ESTRUTURAL DE BLOCOS CERÂMICOS 14X19X39, (ESPESSURA DE 14 CM), UTILIZANDO COLHER DE PEDREIRO E ARGAMASSA DE ASSENTAMENTO COM PREPARO MANUAL. AF_03/2023 | D25: M2 | E25: 91.59 | F25: 0
A26: Alvenaria Estrutural - Blocos Cerâmicos | B26: 89282 | C26: ALVENARIA ESTRUTURAL DE BLOCOS CERÂMICOS 14X19X39, (ESPESSURA DE 14 CM), UTILIZANDO PALHETA E ARGAMASSA DE ASSENTAMENTO COM PREPARO EM BETONEIRA. AF_03/2023 | D26: M2 | E26: 77.97 | F26: 0
A27: Alvenaria Estrutural - Blocos Cerâmicos | B27: 89283 | C27: ALVENARIA ESTRUTURAL DE BLOCOS CERÂMICOS 14X19X39, (ESPESSURA DE 14 CM), UTILIZANDO PALHETA E ARGAMASSA DE ASSENTAMENTO COM PREPARO MANUAL. AF_03/2023 | D27: M2 | E27: 79.4 | F27: 0
A28: Alvenaria Estrutural - Blocos de Concreto | B28: 89480 | C28: ALVENARIA DE BLOCOS DE CONCRETO ESTRUTURAL 14X19X29 CM (ESPESSURA 14 CM), FBK = 14 MPA, UTILIZANDO COLHER DE PEDREIRO. AF_10/2022 | D28: M2 | E28: 169.14 | F28: 0
A29: Alvenaria Estrutural - Blocos de Concreto | B29: 89464 | C29: ALVENARIA DE BLOCOS DE CONCRETO ESTRUTURAL 14X19X29 CM (ESPESSURA 14 CM), FBK = 14,0 MPA, UTILIZANDO PALHETA. AF_10/2022 | D29: M2 | E29: 148.54 | F29: 0
... A31: Alvenaria Estrutural - Blocos de Concreto | B31: 89462 | C31: ALVENARIA DE BLOCOS DE CONCRETO ESTRUTURAL 14X19X29 CM (ESPESSURA 14 CM), FBK = 4,5 MPA, UTILIZANDO PALHETA. AF_10/2022 | D31: M2 | E31: 125.33 | F31: 0
A32: Alvenaria Estrutural - Blocos de Concreto | B32: 104444 | C32: ALVENARIA DE BLOCOS DE CONCRETO ESTRUTURAL 14X19X29 CM (ESPESSURA 14 CM), FBK = 8 MPA, UTILIZANDO COLHER DE PEDREIRO. AF_10/2022 | D32: M2 | E32: 0
A33: Alvenaria Estrutural - Blocos de Concreto | B33: 104442 | C33: ALVENARIA DE BLOCOS DE CONCRETO ESTRUTURAL 14X19X29 CM (ESPESSURA 14 CM), FBK = 8 MPA, UTILIZANDO PALHETA. AF_10/2022 | D33: M2 | E33: 0
A34: Alvenaria Estrutural - Blocos de Concreto | B34: 89472 | C34: ALVENARIA DE BLOCOS DE CONCRETO ESTRUTURAL 14X19X39 CM (ESPESSURA 14 CM), FBK = 14 MPA, UTILIZANDO COLHER DE PEDREIRO. AF_10/2022 | D34: M2 | E34: 129.97 | F34: 0
A35: Alvenaria Estrutural - Blocos de Concreto | B35: 89455 | C35: ALVENARIA DE BLOCOS DE CONCRETO ESTRUTURAL 14X19X39 CM (ESPESSURA 14 CM), FBK = 14 MPA, UTILIZANDO PALHETA. AF_10/2022 | D35: M2 | E35: 116.97 | F35: 0
A36: Alvenaria Estrutural - Blocos de Concreto | B36: 89470 | C36: ALVENARIA DE BLOCOS DE CONCRETO ESTRUTURAL 14X19X39 CM (ESPESSURA 14 CM), FBK = 4,5 MPA, UTILIZANDO COLHER DE PEDREIRO. AF_10/2022 | D36: M2 | E36: 107.63 | F36: 0
A37: Alvenaria Estrutural - Blocos de Concreto | B37: 89453 | C37: ALVENARIA DE BLOCOS DE CONCRETO ESTRUTURAL 14X19X39 CM (ESPESSURA 14 CM), FBK = 4,5 MPA, UTILIZANDO PALHETA. AF_10/2022 | D37: M2 | E37: 95.76 | F37: 0
A38: Alvenaria Estrutural - Blocos de Concreto | B38: 104443 | C38: ALVENARIA DE BLOCOS DE CONCRETO ESTRUTURAL 14X19X39 CM (ESPESSURA 14 CM), FBK = 8 MPA, UTILIZANDO COLHER DE PEDREIRO. AF_10/2022 | D38: M2 | E38: 0
A39: Alvenaria Estrutural - Blocos de Concreto | B39: 104441 | C39: ALVENARIA DE BLOCOS DE CONCRETO ESTRUTURAL 14X19X39 CM (ESPESSURA 14 CM), FBK = 8 MPA, UTILIZANDO PALHETA. AF_10/2022 | D39: M2 | E39: 0
A40: Alvenaria de Vedação | B40: 103354 | C40: ALVENARIA DE VEDAÇÃO DE BLOCOS CERÂMICOS FURADOS NA HORIZONTAL DE 11,5X14X24 CM (ESPESSURA 11,5 CM) E ARGAMASSA DE ASSENTAMENTO COM PREPARO EM BETONEIRA. AF_12/2021 | D40: M2 | E40: 93.12 | F40: 0.0062
A41: Alvenaria de Vedação | B41: 103355 | C41: ALVENARIA DE VEDAÇÃO DE BLOCOS CERÂMICOS FURADOS NA HORIZONTAL DE 11,5X14X24 CM (ESPESSURA 11,5 CM) E ARGAMASSA DE ASSENTAMENTO COM PREPARO MANUAL. AF_12/2021 | D41: M2 | E41: 94.38 | F41: 0.0061
A42: Alvenaria de Vedação | B42: 103330 | C42: ALVENARIA DE VEDAÇÃO DE BLOCOS CERÂMICOS FURADOS NA HORIZONTAL DE 11,5X19X19 CM (ESPESSURA 11,5 CM) E ARGAMASSA DE ASSENTAMENTO COM PREPARO EM BETONEIRA. AF_12/2021 | D42: M2 | E42: 86.81 | F42: 0.0047
A43: Alvenaria de Vedação | B43: 103331 | C43: ALVENARIA DE VEDAÇÃO DE BLOCOS CERÂMICOS FURADOS NA HORIZONTAL DE 11,5X19X19 CM (ESPESSURA 11,5 CM) E ARGAMASSA DE ASSENTAMENTO COM PREPARO MANUAL. AF_12/2021 | D43: M2 | E43: 87.99 | F43: 0.0047
A44: Alvenaria de Vedação | B44: 103358 | C44: ALVENARIA DE VEDAÇÃO DE BLOCOS CERÂMICOS FURADOS NA HORIZONTAL DE 11,5X19X29 CM (ESPESSURA 11,5 CM) E ARGAMASSA DE ASSENTAMENTO COM PREPARO EM BETONEIRA. AF_12/2021 | D44: M2 | E44: 73.58 | F44: 0.0056
A45: Alvenaria de Vedação | B45: 103359 | C45: ALVENARIA DE VEDAÇÃO DE BLOCOS CERÂMICOS FURADOS NA HORIZONTAL DE 11,5X19X29 CM (ESPESSURA 11,5 CM) E ARGAMASSA DE ASSENTAMENTO COM PREPARO MANUAL. AF_12/2021 | D45: M2 | E45: 74.59 | F45: 0.0055
A46: Alvenaria de Vedação | B46: 103366 | C46: ALVENARIA DE VEDAÇÃO DE BLOCOS CERÂMICOS FURADOS NA HORIZONTAL DE 11,5X19X39 CM (ESPESSURA 11,5 CM) E ARGAMASSA DE ASSENTAMENTO COM PREPARO EM BETONEIRA. AF_12/2021 | D46: M2 | E46: 65.07 | F46: 0.0063
A47: Alvenaria de Vedação | B47: 103367 | C47: ALVENARIA DE VEDAÇÃO DE BLOCOS CERÂMICOS FURADOS NA HORIZONTAL DE 11,5X19X39 CM (ESPESSURA 11,5 CM) E ARGAMASSA DE ASSENTAMENTO COM PREPARO MANUAL. AF_12/2021 | D47: M2 | E47: 65.98 | F47: 0.0062
A48: Alvenaria de Vedação | B48: 103360 | C48: ALVENARIA DE VEDAÇÃO DE BLOCOS CERÂMICOS FURADOS NA HORIZONTAL DE 14X19X29 CM (ESPESSURA 14 CM) E ARGAMASSA DE ASSENTAMENTO COM PREPARO EM BETONEIRA. AF_12/2021 | D48: M2 | E48: 85.91 | F48: 0.0048
A49: Alvenaria de Vedação | B49: 103361 | C49: ALVENARIA DE VEDAÇÃO DE BLOCOS CERÂMICOS FURADOS NA HORIZONTAL DE 14X19X29 CM (ESPESSURA 14 CM) E ARGAMASSA DE ASSENTAMENTO COM PREPARO MANUAL. AF_12/2021 | D49: M2 | E49: 87.19 | F49: 0.0047
A50: Alvenaria de Vedação | B50: 103368 | C50: ALVENARIA DE VEDAÇÃO DE BLOCOS CERÂMICOS FURADOS NA HORIZONTAL DE 14X19X39 CM (ESPESSURA 14 CM) E ARGAMASSA DE ASSENTAMENTO COM PREPARO EM BETONEIRA. AF_12/2021 | D50: M2 | E50: 73.45 | F50: 0.0056
A51: Alvenaria de Vedação | B51: 103369 | C51: ALVENARIA DE VEDAÇÃO DE BLOCOS CERÂMICOS FURADOS NA HORIZONTAL DE 14X19X39 CM (ESPESSURA 14 CM) E ARGAMASSA DE ASSENTAMENTO COM PREPARO MANUAL. AF_12/2021 | D51: M2 | E51: 74.6 | F51: 0.0055
... A101: Alvenarias Diversas | B101: 101161 | C101: ALVENARIA DE VEDAÇÃO COM ELEMENTO VAZADO DE CONCRETO (COBOGÓ) DE 7X50X50CM E ARGAMASSA DE ASSENTAMENTO COM PREPARO EM BETONEIRA. AF_05/2020 | D101: M2 | E101: 247.9 | F101: 0
A102: Alvenarias Diversas | B102: 101160 | C102: ALVENARIA DE VEDAÇÃO DE BLOCO DE SOLO-CIMENTO (TIJOLO ECOLÓGICO) DE 7X15X30CM (ESPESSURA 15CM). AF_05/2020 | D102: M2 | E102: 0
A103: Alvenarias Diversas | B103: 101159 | C103: ALVENARIA DE VEDAÇÃO DE BLOCOS CERÂMICOS MACIÇOS DE 5X10X20CM (ESPESSURA 10CM) E ARGAMASSA DE ASSENTAMENTO COM PREPARO EM BETONEIRA. AF_05/2020 | D103: M2 | E103: 142.92 | F103: 0
A104: Alvenarias Diversas | B104: 101154 | C104: ALVENARIA DE VEDAÇÃO DE BLOCOS DE CONCRETO CELULAR DE 10X30X60CM (ESPESSURA 10CM) E ARGAMASSA DE ASSENTAMENTO COM PREPARO EM BETONEIRA. AF_05/2020 | D104: M2 | E104: 146.2 | F104: 0.7075
A105: Alvenarias Diversas | B105: 101155 | C105: ALVENARIA DE VEDAÇÃO DE BLOCOS DE CONCRETO CELULAR DE 15X30X60CM (ESPESSURA 15CM) E ARGAMASSA DE ASSENTAMENTO COM PREPARO EM BETONEIRA. AF_05/2020 | D105: M2 | E105: 206.12 | F105: 0.7371
A106: Alvenarias Diversas | B106: 101156 | C106: ALVENARIA DE VEDAÇÃO DE BLOCOS DE CONCRETO CELULAR DE 20X30X60CM (ESPESSURA 20CM) E ARGAMASSA DE ASSENTAMENTO COM PREPARO EM BETONEIRA. AF_05/2020 | D106: M2 | E106: 303.66 | F106: 0.7665
A107: Alvenarias Diversas | B107: 101158 | C107: ALVENARIA DE VEDAÇÃO DE BLOCOS DE GESSO DE 10X50X66CM (ESPESSURA 10CM). AF_05/2020 | D107: M2 | E107: 84.31 | F107: 0
A108: Alvenarias Diversas | B108: 101157 | C108: ALVENARIA DE VEDAÇÃO DE BLOCOS DE GESSO DE 7X50X66CM (ESPESSURA 7CM). AF_05/2020 | D108: M2 | E108: 64.53 | F108: 0
A109: Argamassas | B109: 87382 | C109: ARGAMASSA INDUSTRIALIZADA MULTIUSO PARA REVESTIMENTOS E ASSENTAMENTO DA ALVENARIA, PREPARO COM MISTURADOR DE EIXO HORIZONTAL DE 160 KG. AF_08/2019 | D109: M3 | E109: 2075.92 | F109: 0
A110: Argamassas | B110: 87383 | C110: ARGAMASSA INDUSTRIALIZADA MULTIUSO PARA REVESTIMENTOS E ASSENTAMENTO DA ALVENARIA, PREPARO COM MISTURADOR DE EIXO HORIZONTAL DE 300 KG. AF_08/2019 | D110: M3 | E110: 2069.91 | F110: 0
A111: Argamassas | B111: 87384 | C111: ARGAMASSA INDUSTRIALIZADA MULTIUSO PARA REVESTIMENTOS E ASSENTAMENTO DA ALVENARIA, PREPARO COM MISTURADOR DE EIXO HORIZONTAL DE 600 KG. AF_08/2019 | D111: M3 | E111: 2057.95 | F111: 0
A112: Argamassas | B112: 87398 | C112: ARGAMASSA INDUSTRIALIZADA MULTIUSO PARA REVESTIMENTOS E ASSENTAMENTO DA ALVENARIA, PREPARO MANUAL. AF_08/2019 | D112: M3 | E112: 2289.94 | F112: 0
A113: Argamassas | B113: 87395 | C113: ARGAMASSA INDUSTRIALIZADA PARA CHAPISCO COLANTE, PREPARO COM MISTURADOR DE EIXO HORIZONTAL DE 160 KG. AF_08/2019 | D113: M3 | E113: 4035.16 | F113: 0
A114: Argamassas | B114: 87396 | C114: ARGAMASSA INDUSTRIALIZADA PARA CHAPISCO COLANTE, PREPARO COM MISTURADOR DE EIXO HORIZONTAL DE 300 KG. AF_08/2019 | D114: M3 | E114: 4057.83 | F114: 0
... A132: Argamassas | B132: 88627 | C132: ARGAMASSA TRAÇO 1:0,5:4,5 (EM VOLUME DE CIMENTO, CAL E AREIA MÉDIA ÚMIDA) PARA ASSENTAMENTO DE ALVENARIA, PREPARO MANUAL. AF_08/2019 | D132: M3 | E132: 688.89 | F132: 0
A133: Argamassas | B133: 100463 | C133: ARGAMASSA TRAÇO 1:0,5:4,5 (EM VOLUME DE CIMENTO, CAL E AREIA MÉDIA ÚMIDA), PREPARO MECÂNICO COM BETONEIRA 250 L. AF_08/2019 | D133: M3 | E133: 0
A134: Argamassas | B134: 88626 | C134: ARGAMASSA TRAÇO 1:0,5:4,5 (EM VOLUME DE CIMENTO, CAL E AREIA MÉDIA ÚMIDA), PREPARO MECÂNICO COM BETONEIRA 400 L. AF_08/2019 | D134: M3 | E134: 595.21 | F134: 0
A135: Argamassas | B135: 100488 | C135: ARGAMASSA TRAÇO 1:0,5:4,5 (EM VOLUME DE CIMENTO, CAL E AREIA MÉDIA ÚMIDA), PREPARO MECÂNICO COM BETONEIRA 600 L. AF_08/2019 | D135: M3 | E135: 581.06 | F135: 0
A136: Argamassas | B136: 100464 | C136: ARGAMASSA TRAÇO 1:0,5:4,5 (EM VOLUME DE CIMENTO, CAL E AREIA MÉDIA ÚMIDA), PREPARO MECÂNICO COM MISTURADOR DE EIXO HORIZONTAL DE 160 KG. AF_08/2019 | D136: M3 | E136: 626.55 | F136: 0
A137: Argamassas | B137: 100465 | C137: ARGAMASSA TRAÇO 1:0,5:4,5 (EM VOLUME DE CIMENTO, CAL E AREIA MÉDIA ÚMIDA), PREPARO MECÂNICO COM MISTURADOR DE EIXO HORIZONTAL DE 300 KG. AF_08/2019 | D137: M3 | E137: 580.3 | F137: 0
A138: Argamassas | B138: 100466 | C138: ARGAMASSA TRAÇO 1:0,5:4,5 (EM VOLUME DE CIMENTO, CAL E AREIA MÉDIA ÚMIDA), PREPARO MECÂNICO COM MISTURADOR DE EIXO HORIZONTAL DE 600 KG. AF_08/2019 | D138: M3 | E138: 555.41 | F138: 0
A139: Argamassas | B139: 87368 | C139: ARGAMASSA TRAÇO 1:1,5:7,5 (EM VOLUME DE CIMENTO, CAL E AREIA MÉDIA ÚMIDA) PARA EMBOÇO/MASSA ÚNICA/ASSENTAMENTO DE ALVENARIA DE VEDAÇÃO, PREPARO MANUAL. AF_08/2019 | D139: M3 | E139: 710.85 | F139: 0
A140: Argamassas | B140: 100450 | C140: ARGAMASSA TRAÇO 1:1,5:7,5 (EM VOLUME DE CIMENTO, CAL E AREIA MÉDIA ÚMIDA) PARA EMBOÇO/MASSA ÚNICA/ASSENTAMENTO DE ALVENARIA DE VEDAÇÃO, PREPARO MECÂNICO COM BETONEIRA 250 L. AF_08/2019 | D140: M3 | E140: 0
A141: Argamassas | B141: 87289 | C141: ARGAMASSA TRAÇO 1:1,5:7,5 (EM VOLUME DE CIMENTO, CAL E AREIA MÉDIA ÚMIDA) PARA EMBOÇO/MASSA ÚNICA/ASSENTAMENTO DE ALVENARIA DE VEDAÇÃO, PREPARO MECÂNICO COM BETONEIRA 400 L. AF_08/2019 | D141: M3 | E141: 594.3 | F141: 0
A142: Argamassas | B142: 87290 | C142: ARGAMASSA TRAÇO 1:1,5:7,5 (EM VOLUME DE CIMENTO, CAL E AREIA MÉDIA ÚMIDA) PARA EMBOÇO/MASSA ÚNICA/ASSENTAMENTO DE ALVENARIA DE VEDAÇÃO, PREPARO MECÂNICO COM BETONEIRA 600 L. AF_08/2019 | D142: M3 | E142: 579.06 | F142: 0
A143: Argamassas | B143: 87333 | C143: ARGAMASSA TRAÇO 1:1,5:7,5 (EM VOLUME DE CIMENTO, CAL E AREIA MÉDIA ÚMIDA) PARA EMBOÇO/MASSA ÚNICA/ASSENTAMENTO DE ALVENARIA DE VEDAÇÃO, PREPARO MECÂNICO COM MISTURADOR DE EIXO HORIZONTAL DE 300 KG. AF_08/2019 | D143: M3 | E143: 600.66 | F143: 0
A144: Argamassas | B144: 87334 | C144: ARGAMASSA TRAÇO 1:1,5:7,5 (EM VOLUME DE CIMENTO, CAL E AREIA MÉDIA ÚMIDA) PARA EMBOÇO/MASSA ÚNICA/ASSENTAMENTO DE ALVENARIA DE VEDAÇÃO, PREPARO MECÂNICO COM MISTURADOR DE EIXO HORIZONTAL DE 600 KG. AF_08/2019 | D144: M3 | E144: 553.71 | F144: 0
A145: Argamassas | B145: 105515 | C145: ARGAMASSA TRAÇO 1:1,93 (EM VOLUME DE CIMENTO E AREIA MÉDIA ÚMIDA), FCK 20MPA, PREPARO MECÂNICO COM MISTURADOR DUPLO HORIZONTAL DE ALTA TURBULÊNCIA. AF_03/2020 | D145: M3 | E145: 909.04 | F145: 0
A146: Argamassas | B146: 87367 | C146: ARGAMASSA TRAÇO 1:1:6 (EM VOLUME DE CIMENTO, CAL E AREIA MÉDIA ÚMIDA) PARA EMBOÇO/MASSA ÚNICA/ASSENTAMENTO DE ALVENARIA DE VEDAÇÃO, PREPARO MANUAL. AF_08/2019 | D146: M3 | E146: 729.01 | F146: 0
A147: Argamassas | B147: 100449 | C147: ARGAMASSA TRAÇO 1:1:6 (EM VOLUME DE CIMENTO, CAL E AREIA MÉDIA ÚMIDA) PARA EMBOÇO/MASSA ÚNICA/ASSENTAMENTO DE ALVENARIA DE VEDAÇÃO, PREPARO MECÂNICO COM BETONEIRA 250 L. AF_08/2019 | D147: M3 | E147: 0
A148: Argamassas | B148: 87286 | C148: ARGAMASSA TRAÇO 1:1:6 (EM VOLUME DE CIMENTO, CAL E AREIA MÉDIA ÚMIDA) PARA EMBOÇO/MASSA ÚNICA/ASSENTAMENTO DE ALVENARIA DE VEDAÇÃO, PREPARO MECÂNICO COM BETONEIRA 400 L. AF_08/2019 | D148: M3 | E148: 618.08 | F148: 0
A149: Argamassas | B149: 87287 | C149: ARGAMASSA TRAÇO 1:1:6 (EM VOLUME DE CIMENTO, CAL E AREIA MÉDIA ÚMIDA) PARA EMBOÇO/MASSA ÚNICA/ASSENTAMENTO DE ALVENARIA DE VEDAÇÃO, PREPARO MECÂNICO COM BETONEIRA 600 L. AF_08/2019 | D149: M3 | E149: 591.69 | F149: 0
A150: Argamassas | B150: 87331 | C150: ARGAMASSA TRAÇO 1:1:6 (EM VOLUME DE CIMENTO, CAL E AREIA MÉDIA ÚMIDA) PARA EMBOÇO/MASSA ÚNICA/ASSENTAMENTO DE ALVENARIA DE VEDAÇÃO, PREPARO MECÂNICO COM MISTURADOR DE EIXO HORIZONTAL DE 300 KG. AF_08/2019 | D150: M3 | E150: 644.34 | F150: 0
A151: Argamassas | B151: 87332 | C151: ARGAMASSA TRAÇO 1:1:6 (EM VOLUME DE CIMENTO, CAL E AREIA MÉDIA ÚMIDA) PARA EMBOÇO/MASSA ÚNICA/ASSENTAMENTO DE ALVENARIA DE VEDAÇÃO, PREPARO MECÂNICO COM MISTURADOR DE EIXO HORIZONTAL DE 600 KG. AF_08/2019 | D151: M3 | E151: 568.79 | F151: 0
A152: Argamassas | B152: 87369 | C152: ARGAMASSA TRAÇO 1:2:8 (EM VOLUME DE CIMENTO, CAL E AREIA MÉDIA ÚMIDA) PARA EMBOÇO/MASSA ÚNICA/ASSENTAMENTO DE ALVENARIA DE VEDAÇÃO, PREPARO MANUAL. AF_08/2019 | D152: M3 | E152: 731.57 | F152: 0
A153: Argamassas | B153: 100451 | C153: ARGAMASSA TRAÇO 1:2:8 (EM VOLUME DE CIMENTO, CAL E AREIA MÉDIA ÚMIDA) PARA EMBOÇO/MASSA ÚNICA/ASSENTAMENTO DE ALVENARIA DE VEDAÇÃO, PREPARO MECÂNICO COM BETONEIRA 250 L. AF_08/2019 | D153: M3 | E153: 0
A154: Argamassas | B154: 87292 | C154: ARGAMASSA TRAÇO 1:2:8 (EM VOLUME DE CIMENTO, CAL E AREIA MÉDIA ÚMIDA) PARA EMBOÇO/MASSA ÚNICA/ASSENTAMENTO DE ALVENARIA DE VEDAÇÃO, PREPARO MECÂNICO COM BETONEIRA 400 L. AF_08/2019 | D154: M3 | E154: 610.42 | F154: 0
A155: Argamassas | B155: 87335 | C155: ARGAMASSA TRAÇO 1:2:8 (EM VOLUME DE CIMENTO, CAL E AREIA MÉDIA ÚMIDA) PARA EMBOÇO/MASSA ÚNICA/ASSENTAMENTO DE ALVENARIA DE VEDAÇÃO, PREPARO MECÂNICO COM MISTURADOR DE EIXO HORIZONTAL DE 300 KG. AF_08/2019 | D155: M3 | E155: 591.52 | F155: 0
A156: Argamassas | B156: 87336 | C156: ARGAMASSA TRAÇO 1:2:8 (EM VOLUME DE CIMENTO, CAL E AREIA MÉDIA ÚMIDA) PARA EMBOÇO/MASSA ÚNICA/ASSENTAMENTO DE ALVENARIA DE VEDAÇÃO, PREPARO MECÂNICO COM MISTURADOR DE EIXO HORIZONTAL DE 600 KG. AF_08/2019 | D156: M3 | E156: 575.45 | F156: 0
A157: Argamassas | B157: 87370 | C157: ARGAMASSA TRAÇO 1:2:9 (EM VOLUME DE CIMENTO, CAL E AREIA MÉDIA ÚMIDA) PARA EMBOÇO/MASSA ÚNICA/ASSENTAMENTO DE ALVENARIA DE VEDAÇÃO, PREPARO MANUAL. AF_08/2019 | D157: M3 | E157: 700.63 | F157: 0
A158: Argamassas | B158: 100452 | C158: ARGAMASSA TRAÇO 1:2:9 (EM VOLUME DE CIMENTO, CAL E AREIA MÉDIA ÚMIDA) PARA EMBOÇO/MASSA ÚNICA/ASSENTAMENTO DE ALVENARIA DE VEDAÇÃO, PREPARO MECÂNICO COM BETONEIRA 250 L. AF_08/2019 | D158: M3 | E158: 0
A159: Argamassas | B159: 88715 | C159: ARGAMASSA TRAÇO 1:2:9 (EM VOLUME DE CIMENTO, CAL E AREIA MÉDIA ÚMIDA) PARA EMBOÇO/MASSA ÚNICA/ASSENTAMENTO DE ALVENARIA DE VEDAÇÃO, PREPARO MECÂNICO COM BETONEIRA 400 L. AF_08/2019 | D159: M3 | E159: 571.57 | F159: 0
A160: Argamassas | B160: 87294 | C160: ARGAMASSA TRAÇO 1:2:9 (EM VOLUME DE CIMENTO, CAL E AREIA MÉDIA ÚMIDA) PARA EMBOÇO/MASSA ÚNICA/ASSENTAMENTO DE ALVENARIA DE VEDAÇÃO, PREPARO MECÂNICO COM BETONEIRA 600 L. AF_08/2019 | D160: M3 | E160: 575.02 | F160: 0
A161: Argamassas | B161: 87337 | C161: ARGAMASSA TRAÇO 1:2:9 (EM VOLUME DE CIMENTO, CAL E AREIA MÉDIA ÚMIDA) PARA EMBOÇO/MASSA ÚNICA/ASSENTAMENTO DE ALVENARIA DE VEDAÇÃO, PREPARO MECÂNICO COM MISTURADOR DE EIXO HORIZONTAL DE 300 KG. AF_08/2019 | D161: M3 | E161: 582.03 | F161: 0
A162: Argamassas | B162: 100487 | C162: ARGAMASSA TRAÇO 1:2:9 (EM VOLUME DE CIMENTO, CAL E AREIA MÉDIA ÚMIDA) PARA EMBOÇO/MASSA ÚNICA/ASSENTAMENTO DE ALVENARIA DE VEDAÇÃO, PREPARO MECÂNICO COM MISTURADOR DE EIXO HORIZONTAL DE 600 KG. AF_08/2019 | D162: M3 | E162: 540.06 | F162: 0
A163: Argamassas | B163: 87380 | C163: ARGAMASSA TRAÇO 1:3 (EM VOLUME DE CIMENTO E AREIA GROSSA ÚMIDA) COM ADIÇÃO DE EMULSÃO POLIMÉRICA PARA CHAPISCO ROLADO, PREPARO MANUAL. AF_08/2019 | D163: M3 | E163: 3329.57 | F163: 0.8199
A164: Argamassas | B164: 100461 | C164: ARGAMASSA TRAÇO 1:3 (EM VOLUME DE CIMENTO E AREIA GROSSA ÚMIDA) COM ADIÇÃO DE EMULSÃO POLIMÉRICA PARA CHAPISCO ROLADO, PREPARO MECÂNICO COM BETONEIRA 250 L. AF_08/2019 | D164: M3 | E164: 0
A165: Argamassas | B165: 87322 | C165: ARGAMASSA TRAÇO 1:3 (EM VOLUME DE CIMENTO E AREIA GROSSA ÚMIDA) COM ADIÇÃO DE EMULSÃO POLIMÉRICA PARA CHAPISCO ROLADO, PREPARO MECÂNICO COM BETONEIRA 400 L. AF_08/2019 | D165: M3 | E165: 3239.14 | F165: 0.8515
A166: Argamassas | B166: 87323 | C166: ARGAMASSA TRAÇO 1:3 (EM VOLUME DE CIMENTO E AREIA GROSSA ÚMIDA) COM ADIÇÃO DE EMULSÃO POLIMÉRICA PARA CHAPISCO ROLADO, PREPARO MECÂNICO COM BETONEIRA 600 L. AF_08/2019 | D166: M3 | E166: 3229.27 | F166: 0.8579
A167: Argamassas | B167: 87360 | C167: ARGAMASSA TRAÇO 1:3 (EM VOLUME DE CIMENTO E AREIA GROSSA ÚMIDA) COM ADIÇÃO DE EMULSÃO POLIMÉRICA PARA CHAPISCO ROLADO, PREPARO MECÂNICO COM MISTURADOR DE EIXO HORIZONTAL DE 160 KG. AF_08/2019 | D167: M3 | E167: 3219.5 | F167: 0.8323
...
